 Dungeon Crawl Stone Soup version 0.31-a0-1074-g0b22e4e (webtiles) character file.

Game seed: 10431536105412723909

52514128 PurpleRed the Archmage (level 27, 273/273 HPs)
             Began as a Meteoran Conjurer on Nov 26, 2023.
             Was the Champion of Vehumet.
             Escaped with the Orb
             ... and 15 runes!
             The game lasted 05:39:18 (27634 turns).

PurpleRed the Archmage (Meteoran Conjurer)         Turns: 27634, Time: 05:39:19

Health: 273/273    AC: 28    Str: 15    XL:     27
Magic:  64/64      EV: 32    Int: 40    God:    Vehumet [******]
Gold:   5637       SH:  0    Dex: 21    Spells: 0/80 levels left

rFire   + + .        a - +3 Elemental Staff {ele, rElec rF+ rC+ AC+3}
rCold   + + .        s - orb {*channel}
rNeg    + + +        R - +2 leather armour "Ulifios" {rElec Regen+ Slay+2}
rPois   ∞            H - +2 helmet {SInv}
rElec   +            G - +1 cloak "Ohyhemp" {Harm rN+ Dex+4 SInv}
rCorr   .            U - +1 pair of gloves of Proximity {Will+ Dex+2}
SInv    +            r - +2 pair of boots {Fly}
Will    +++++        Z - amulet of Meodd {RegenMP Int+6 Stlth+}
Stlth   ++           P - ring of Riraggoa {rF+ Int+3 Slay+3}
HPRegen 1.45/turn    Q - ring of Lugonu, Chewing {MP+9 AC+4 Str+3}
MPRegen 0.79/turn

%: harm (+30% outgoing, +20% incoming), channel magic (20%)
@: death-form, flying, glowing, studying 4 skills
A: vile attack, torment immunity, no potions, sense surroundings 3,
otherworldly, glowing, explore regen
0: Orb of Zot
}: 15/15 runes: decaying, serpentine, slimy, silver, golden, iron, obsidian,
icy, bone, abyssal, demonic, glowing, magical, fiery, dark
a: Siphon Essence, Begin Untransformation, Renounce Religion


You escaped.
You worshipped Vehumet.
Vehumet was exalted by your worship.
You were an undying horror.
You visited 18 branches of the dungeon, and saw 86 of its levels.
You visited Pandemonium 2 times, and saw 22 of its levels.
You visited the Abyss 1 time.
You completed 1 ziggurat, and saw 27 of its levels.
You also visited: Sewer, Ice Cave and Wizlab.

You collected 10243 gold pieces.
You spent 4606 gold pieces at shops.

Inventory:

Hand Weapons
 a - the +3 Elemental Staff (weapon) {ele, rElec rF+ rC+ AC+3}
   (You found it on level 14 of a ziggurat)

   AC+3:      It affects your AC (+3).
   rF+:       It protects you from fire.
   rC+:       It protects you from cold.
   rElec:     It insulates you from electricity.
 b - the +8 autumn katana {manifold assault}
   (You found it on level 3 of the Elven Halls)
 h - the +6 Majin-Bo {spellvamp, MP+6 Int+6}
   (You found it on level 14 of a ziggurat)

   Int+6:     It affects your intelligence (+6).
   MP+6:      It affects your magic capacity (+6).
 E - the +8 storm bow {elec, penet}
   (You found it on level 18 of a ziggurat)
Missiles
 K - 9 curare-tipped darts
Armour
 r - a +2 pair of boots of flying (worn)
 s - an orb of energy (worn)
 w - the +0 robe of Bausch {Harm Regen+ Int+4}
   (You found it on level 14 of a ziggurat)

   Int+4:     It affects your intelligence (+4).
   Regen+:    It increases your rate of health regeneration.
   Harm:      It increases damage dealt and taken.
 x - the +5 buckler of Ignis, Riding {rPois Dex+4}
   (You acquired it on level 2 of the Snake Pit)

   Dex+4:     It affects your dexterity (+4).
   rPois:     It protects you from poison
 z - the +10 shadow dragon scales of the Moon {-Tele Harm rElec rC+ Int+3 Stlth++++}
   (You found it on level 15 of a ziggurat)

   Int+3:     It affects your intelligence (+3).
   rC+:       It protects you from cold.
   rElec:     It insulates you from electricity.
   -Tele:     It prevents most forms of teleportation.
   Harm:      It increases damage dealt and taken.
   Stlth++++: It makes you much more stealthy.
 G - the +1 cloak "Ohyhemp" (worn) {Harm rN+ Dex+4 SInv}
   (You bought it in a shop on level 1 of the Elven Halls)

   Dex+4:     It affects your dexterity (+4).
   rN+:       It protects you from negative energy.
   SInv:      It lets you see invisible.
   Harm:      It increases damage dealt and taken.
 H - a +2 helmet of see invisible (worn)
 R - the +2 leather armour "Ulifios" (worn) {rElec Regen+ Slay+2}
   (You found it in Pandemonium)

   Slay+2:    It affects your accuracy & damage with ranged weapons and melee
   (+2).
   rElec:     It insulates you from electricity.
   Regen+:    It increases your rate of health regeneration.
 U - the +1 pair of gloves of Proximity (worn) {Will+ Dex+2}
   (You found it on level 18 of a ziggurat)

   Dex+2:     It affects your dexterity (+2).
   Will+:     It increases your willpower.
Jewellery
 l - the ring "Urarimp" {rPois rN+ Will+ Str-2 Dex+6}
   (You found it on level 3 of the Elven Halls)

   [ring of dexterity]

   Str-2:     It affects your strength (-2).
   Dex+6:     It affects your dexterity (+6).
   rPois:     It protects you from poison rN+: It protects you from negative
   energy.
   Will+:     It increases your willpower.
 p - the amulet "Ryasch" {Acrobat rN+ Regen+ Dex+3}
   (You found it on level 5 of a ziggurat)

   [amulet of the acrobat]

   Acrobat:   It increases your evasion while moving and waiting.
   Dex+3:     It affects your dexterity (+3).
   rN+:       It protects you from negative energy.
   Regen+:    It increases your rate of health regeneration.
 t - the ring "Wiecisor" {EV+5 Int+5}
   (You found it on level 17 of a ziggurat)

   [ring of evasion]

   EV+5:      It affects your evasion (+5).
   Int+5:     It affects your intelligence (+5).
 J - the ring "Quacuim" {rCorr AC+4 SInv}
   (You found it on level 21 of a ziggurat)

   [ring of protection]

   AC+4:      It affects your AC (+4).
   SInv:      It lets you see invisible.
   rCorr:     It protects you from acid and corrosion.
 P - the ring of Riraggoa (left hand) {rF+ Int+3 Slay+3}
   (You found it on level 17 of a ziggurat)

   [ring of protection from fire]

   Int+3:     It affects your intelligence (+3).
   Slay+3:    It affects your accuracy & damage with ranged weapons and melee
   (+3).
   rF+:       It protects you from fire.
 Q - the ring of Lugonu, Chewing (right hand) {MP+9 AC+4 Str+3}
   (You found it on level 15 of a ziggurat)

   [ring of protection]

   AC+4:      It affects your AC (+4).
   Str+3:     It affects your strength (+3).
   MP+9:      It affects your magic capacity (+9).
 S - the ring "Etzyfreer" {rC- Str+6 Int+9 Dex+3}
   (You found it on level 13 of a ziggurat)

   [ring of strength]

   Str+6:     It affects your strength (+6).
   Int+9:     It affects your intelligence (+9).
   Dex+3:     It affects your dexterity (+3).
   rC-:       It makes you vulnerable to cold.
 Z - the amulet of Meodd (around neck) {RegenMP Int+6 Stlth+}
   (You found it on level 24 of a ziggurat)

   [amulet of magic regeneration]

   RegenMP:   It increases your rate of magic regeneration.
   Int+6:     It affects your intelligence (+6).
   Stlth+:    It makes you more stealthy.
Talismans
 c - a granite talisman
 o - a storm talisman
 W - a talisman of death (active)
Wands
 I - a wand of iceblast (115)
 O - a wand of digging (18)
 T - a wand of light (113)
Scrolls
 e - 10 scrolls of fog
 j - 24 scrolls of teleportation
 u - a scroll of revelation
 B - 5 scrolls of fear
 L - 4 scrolls of butterflies
 M - 7 scrolls of silence
 N - 13 scrolls of blinking
 V - 3 scrolls of immolation
 X - 15 scrolls of amnesia
Potions
 f - 2 potions of resistance
 g - 7 potions of might
 i - 28 potions of curing
 k - 11 potions of heal wounds
 m - 5 potions of brilliance
 n - 31 potions of mutation
 q - 2 potions of ambrosia
 A - 11 potions of enlightenment
 C - 10 potions of lignification
 D - 2 potions of magic
 F - 14 potions of haste
 Y - 11 potions of cancellation
Miscellaneous
 d - a sack of spiders
 v - 2 +1 figurines of a ziggurat
 y - a lightning rod (4/4)


   Skills:
 O Level 27 Fighting
 - Level 14.0 Long Blades
 - Level 20.0 Armour
 - Level 26.0 Dodging
 * Level 25.2 Stealth
 O Level 27 Spellcasting
 - Level 24.0 Conjurations
 - Level 4.0 Hexes
 - Level 8.0 Necromancy
 - Level 3.0 Translocations
 - Level 22.0 Fire Magic
 - Level 22.0 Ice Magic
 - Level 22.0 Air Magic
 - Level 22.0 Earth Magic
 - Level 10.0 Evocations
 - Level 23.0 Shapeshifting


You couldn't memorise any spells.
You knew the following spells:

 Your Spells              Type           Power      Damage    Failure   Level
a - Polar Vortex          Ice            74%        12d9*     3%          9
b - Fire Storm            Conj/Fire      75%        8d19      2%          9
c - Apportation           Tloc           100%       N/A       1%          1
d - Iskenderun's Mystic   Conj/Tloc      100%       2d19      1%          4
e - Stone Arrow           Conj/Erth      100%       3d13      1%          3
f - Fireball              Conj/Fire      75%        3d28      1%          5
g - Ignition              Fire           74%        3d19      1%          8
h - Passage of Golubria   Tloc           67%        N/A       5%          4
j - Blink                 Tloc           100%       N/A       1%          2
q - Chain Lightning       Conj/Air       75%        3d100     2%          9
s - Shatter               Erth           74%        3d54*     3%          9
t - Spellforged Servitor  Conj/Summ      50%        N/A       2%          7
v - Lehudib's Crystal Sp  Conj/Erth      75%        10d17     1%          8
x - Sublimation of Blood  Necr           87%        N/A       1%          2

Your spell library contained the following spells:

 Spells                   Type           Power      Damage    Failure   Level
 Foxfire                  Conj/Fire      100%       2x1d9     1%          1
 Freeze                   Ice            100%       1d10      1%          1
 Kiss of Death            Conj/Necr      100%       2d13      1%          1
 Magic Dart               Conj           100%       1d8       1%          1
 Necrotise                Necr           100%       1d9       1%          1
 Sandblast                Erth           100%       2d20      1%          1
 Shock                    Conj/Air       100%       1d9       1%          1
 Slow                     Hex            100%       N/A       1%          1
 Cigotuvi's Dreadful Rot  Necr/Pois/Air  100%       N/A       1%          2
 Ensorcelled Hibernation  Hex/Ice        100%       N/A       1%          2
 Jinxbite                 Hex            100%       N/A       1%          2
 Lesser Beckoning         Tloc           100%       N/A       1%          2
 Momentum Strike          Conj/Tloc      100%       3d10      1%          2
 Passwall                 Tmut/Erth      99%        N/A       1%          2
 Poisonous Vapours        Pois/Air       100%       N/A       1%          2
 Scorch                   Fire           100%       2d9       1%          2
 Searing Ray              Conj           100%       2d8       1%          2
 Static Discharge         Conj/Air       100%       3-8/arc   1%          2
 Dazzling Flash           Conj/Hex       100%       N/A       1%          3
 Frozen Ramparts          Ice            100%       1d16      1%          3
 Hailstorm                Conj/Ice       100%       3d20      1%          3
 Ignite Poison            Fire/Tmut/Pois 100%       N/A       1%          3
 Inner Flame              Hex/Fire       100%       N/A       1%          3
 Mephitic Cloud           Conj/Pois/Air  100%       N/A       1%          3
 Ozocubu's Armour         Ice            100%       N/A       1%          3
 Swiftness                Air            100%       N/A       1%          3
 Vampiric Draining        Necr           87%        2d12      1%          3
 Volatile Blastmotes      Fire/Tloc      100%       2d18      1%          3
 Airstrike                Air            74%        2d(11-27) 1%          4
 Animate Armour           Summ/Erth      100%       N/A       1%          4
 Animate Dead             Necr           87%        N/A       1%          4
 Brom's Barrelling Bould  Conj/Erth      100%       2d11      1%          4
 Dispel Undead            Necr           87%        3d28      1%          4
 Flame Wave               Conj/Fire      100%       2d21      1%          4
 Fulminant Prism          Conj/Hex       52%        3d23      1%          4
 Leda's Liquefaction      Hex/Erth       63%        N/A       1%          4
 Petrify                  Tmut/Erth      100%       N/A       1%          4
 Sticky Flame             Conj/Fire      100%       2d11      1%          4
 Summon Ice Beast         Ice/Summ       100%       N/A       1%          4
 Summon Lightning Spire   Summ/Air       100%       N/A       1%          4
 Vhi's Electric Charge    Tloc/Air       100%       N/A       1%          4
 Arcjolt                  Conj/Air       75%        1d85      1%          5
 Borgnjor's Vile Clutch   Necr/Erth      65%        N/A       1%          5
 Freezing Cloud           Conj/Ice/Air   88%        6-21      1%          5
 Irradiate                Conj/Tmut      50%        3d28      1%          5
 Iskenderun's Battlesphe  Conj           100%       2d15      1%          5
 Lee's Rapid Deconstruct  Erth           74%        3d33*     1%          5
 Metabolic Englaciation   Hex/Ice        63%        N/A       1%          5
 Silence                  Hex/Air        63%        N/A       1%          5
 Conjure Ball Lightning   Conj/Air       75%        3x3d28    1%          6
 Plasma Beam              Fire/Air       87%        2x1d106   1%          6
 Simulacrum               Ice/Necr       65%        N/A       1%          6
 Starburst                Conj/Fire      75%        6d19      1%          6
 Orb of Destruction       Conj           64%        9d15      1%          7
 Ozocubu's Refrigeration  Ice            74%        4d24      1%          7
 Maxwell's Capacitive Co  Air            74%        ∞         1%          8
 Confusing Touch          Hex            72%        N/A       2%          3
 Gell's Gravitas          Tloc           67%        N/A       2%          3
 Sigil of Binding         Hex            72%        N/A       2%          3
 Teleport Other           Tloc           67%        N/A       2%          3
 Tukima's Dance           Hex            72%        N/A       2%          3
 Anguish                  Hex/Necr       40%        N/A       2%          4
 Sting                    Tmut/Pois      100%       1d8       3%          1
 Summon Small Mammal      Summ           100%       N/A       3%          1
 Call Imp                 Summ           100%       N/A       3%          2
 Wereblood                Tmut           52%        N/A       3%          2
 Summon Guardian Golem    Hex/Summ       63%        N/A       3%          3
 Olgreb's Toxic Radiance  Pois           52%        N/A       3%          4
 Agony                    Necr           87%        N/A       3%          5
 Yara's Violent Unravell  Hex/Tmut       31%        3d13      3%          5
 Cause Fear               Hex            36%        N/A       4%          4
 Dimensional Bullseye     Hex/Tloc       35%        N/A       4%          4
 Call Canine Familiar     Summ           52%        N/A       5%          3
 Manifold Assault         Tloc           67%        N/A       5%          4
 Death Channel            Necr           43%        N/A       8%          6
 Summon Mana Viper        Hex/Summ       63%        N/A       13%         5
 Summon Forest            Summ/Tloc      30%        N/A       14%         5
 Alistair's Intoxication  Tmut/Pois      34%        N/A       24%         5
 Eringya's Noxious Bog    Tmut/Pois      26%        4d6       24%         6
 Dispersal                Tloc           33%        N/A       34%         6
 Summon Cactus Giant      Summ           26%        N/A       67%         6
 Enfeeble                 Hex            36%        N/A       71%         7
 Haunt                    Necr/Summ      36%        N/A       71%         7
 Borgnjor's Revivificati  Necr           43%        N/A       82%         8
 Infestation              Necr           43%        N/A       82%         8
 Malign Gateway           Summ/Tloc      30%        N/A       94%         7
 Monstrous Menagerie      Summ           26%        N/A       99%         7
 Summon Hydra             Summ           26%        N/A       99%         7
 Discord                  Hex            36%        N/A       100%        8
 Disjunction              Tloc           33%        N/A       100%        8
 Summon Horrible Things   Summ           26%        N/A       100%        8
 Dragon's Call            Summ           26%        N/A       100%        9


Dungeon Overview and Level Annotations

Branches:
Dungeon (15/15)            Temple (1/1) D:7            Lair (5/5) D:10
  Swamp (4/4) Lair:2        Snake (4/4) Lair:2        Slime (5/5) Lair:4
    Orc (2/2) D:9             Elf (3/3) Orc:2        Vaults (5/5) D:13
  Crypt (3/3) Vaults:2       Tomb (3/3) Crypt:3      Depths (4/4) D:15
   Hell (visited)             Dis (7/7) Hell            Geh (7/7) Hell
    Coc (7/7) Hell            Tar (7/7) Hell            Zot (5/5) Depths:4
  Sewer (visited)           IceCv (visited)          WizLab (visited)

Altars:
Ashenzari
Cheibriados
Dithmenos
Elyvilon
Fedhas
Gozag
Hepliaklqana
Kikubaaqudgha
Makhleb
Nemelex Xobeh
Okawaru
Qazlal
Ru
Sif Muna
Trog
Uskayaw
Vehumet
Wu Jian
Xom
Yredelemnul
Zin
The Shining One
Ignis
Jiyva

Shops:
D:7 ?   D:13 *   D:14 :   Orc:1 **   Orc:2 (?=(!   Elf:1 [?   Elf:3 =
Vaults:1 !   Vaults:3 !

Portals:
Hell: Lair:5 Depths:2 Depths:3 Depths:4
Abyss: Depths:3
Pandemonium: Depths:2
Trove: D:10 (give +3 fire dragon scales)

Annotations:
D:6 3 runed translucent doors, Agrajag's ghost, novice OpSh
D:11 2 runed translucent doors
Zot:3 2 transporters


Innate Abilities, Weirdness & Mutations

You are an undying horror.
Your melee and unarmed attacks drain, slow and weaken victims.
You are immune to unholy pain and torment.
You cannot drink.
You are immune to poison.
You passively map a large area around you.
You are easily found by Zot.
You glow in the dark.
You regain HP and MP as you explore.


Message History

Vehumet accepts your kill.
You feel your power returning.
The bolt of lightning hits the sun demon!!!
The sun demon resists.
You kill the sun demon!
Vehumet accepts your kill.
You feel your power returning.
What level of the Dungeon? (default 1, ? - help)
There is a stone staircase leading down here.
Found 16 gold pieces.
There is a stone staircase leading up here.
You fly upwards.
There is a stone staircase leading down here.
Magic restored.
You see here a +0 club.
You see here an adder skeleton.
Things that are here:
a +0 giant club; an ogre skeleton
There is a stone staircase leading up here.
You fly upwards.
There is a stone staircase leading down here.
There is a stone staircase leading up here.
You fly upwards.
There is a stone staircase leading down here.
There is a stone staircase leading up here.
You fly upwards.
There is a stone staircase leading down here.
The bat misses you. The bat misses you.
Casting: Chain Lightning (mildly dangerous; 2% risk of failure)
Confirm with . or Enter, or press ? or * to list all spells.
You feel a surge of power!
The dungeon rumbles!
You kill the bat!
Vehumet accepts your kill.
You feel your power returning.
Ka-crash!
You hear a shout!
Found a scale mail.
There is a staircase leading out of the dungeon here.
You have escaped!

* ########.## ,...,
*##......'## *, ..
#........# * * * **..
#...##...# ## , *,, #.,
#..####..# #. *, * ##..
#..####..# #. *
,,.##...##....#...##
*###.
.................##..##.
.......z................
#####,
####..##..#####....#.###
##....,* *
#..*#..##...#...†....
....###......
..........#.......
#.#.##......
.[.........#.......
##.#.##...#
..##...##...#..##..#
.....##.(# *
..##..###...##.#....
.....##..## *..# ..#
.#..##.#....
.....##...##...#
...##...##......


There were no monsters in sight!

Vanquished Creatures
  Cerebov (Pan)
  Antaeus (Coc:7)
  Asmodeus (Geh:7)
  30 pandemonium lords
  the Royal Jelly (Slime:5)
  Gloorx Vloq (Pan)
  Mnoleg (Pan)
  Ignacio (Pan)
  A seraph (Depths:4)
  the Serpent of Hell (Tar:7)
  Dispater (Dis:7)
  Lom Lobon (Pan)
  6 dread liches
  4 orbs of fire
  The ghost of Jinaptea the Conqueror, a legendary DDFi of Makhleb (Zig:24)
  Mara (Snake:3)
  8 ancient liches
  5 juggernauts
  The ghost of Kinoajidouf the Axe Maniac, a master HOBe of Trog (Zig:24)
  The ghost of Plog the Crack Shot, a legendary FoHu of Dithmenos (Zot:2)
  47 royal mummies
  the Lernaean hydra (Swamp:4)
  Vashnia (Snake:4)
  Bai Suzhen (Crypt:3)
  Margery (Depths:3)
  17 shard shrikes
  11 caustic shrikes
  Geryon (Hell)
  11 Killer Klowns
  2 curse toes
  17 golden dragons
  The ghost of Yngio the Spry, an adept DjFE of Qazlal (Vaults:1)
  3 profane servitors
  9 iron giants
  20 bone dragons
  26 doom hounds
  12 Tzitzimimeh
  14 Brimstone Fiends
  3 electric golems
  19 tainted leviathans
  6 hellephants
  22 tentacled monstrosities
  Mlioglotl (Swamp:4)
  Jorgrun (D:12)
  29 Ice Fiends
  24 searing wretches
  8 liches
  28 Orb Guardians
  15 Hell Sentinels
  22 deep elf master archers
  30 acid blobs
  A tentacled starspawn (Abyss:4)
  5 deep elf blademasters
  2 sphinxes (shapeshifter) (Zig:23)
  12 titans
  Murray (Hell)
  9 sphinxes
  20 Executioners
  13 quicksilver dragons
  4 death cobs
  25 ancient champions
  5 thorn hunters
  Gastronok (D:12)
  11 storm dragons
  5 tengu reavers
  7 shadow dragons
  9 revenants
  19 azure jellies
  7 nagarajas
  15 narguns
  A fenstrider witch (shapeshifter) (Zig:23)
  27 fire giants
  An emperor scorpion (Zig:18)
  12 draconian monks
  2 fire giants (shapeshifter) (Zig:23)
  13 rockslimes
  An azure jelly (shapeshifter) (Zig:23)
  15 fenstrider witches
  14 vault wardens
  16 frost giants
  3 deep elf elementalists (Elf:3)
  3 deep elf sorcerers
  2 demonspawn warmongers (Pan)
  5 draconian knights
  5 quicksilver elementals
  9 shard shrike simulacra
  40 balrugs
  4 draconian scorchers
  Louise (Depths:3)
  The ghost of Moddiph the Fencer, a journeyman MiBe of Trog (Lair:5)
  8 draconian stormcallers
  14 iron dragons
  3 angels
  10 draconian annihilators
  4 ghouls
  An ophan (Zig:3)
  9 curse skulls
  12 quicksilver oozes
  2 spectral caustic shrikes
  7 formless jellyfish
  8 draconian shifters
  4 orc warlords
  2 demonspawn corrupters (Pan)
  4 ironbound preservers
  4 broodmothers
  27 war gargoyles
  18 cacodemons (Pan)
  A spriggan defender (Depths:3)
  43 ghost moths
  30 very ugly things
  2 quicksilver oozes (shapeshifter) (Zig:23)
  29 stone giants
  19 reapers
  A caustic shrike skeleton (Pan)
  13 green draconians
  The ghost of Disoufrejy the Cleaver, a journeyman MiFi of Cheibriados (Lair:4)
  13 eleionomae
  10 deep elf annihilators
  4 demonspawn blood saints (Pan)
  10 vampire knights
  Azrael (Snake:1)
  4 ironbound thunderhulks
  11 white draconians
  7 deep elf demonologists
  11 putrid mouths
  25 elemental wellsprings
  16 bennus
  11 lorocyprocas
  14 demonspawn black suns
  6 bunyips
  A dire elephant (shapeshifter) (Zig:5)
  16 red draconians
  14 yellow draconians
  6 dire elephants
  14 wendigos
  13 purple draconians
  10 blizzard demons
  8 spark wasps
  17 eidola
  9 black draconians
  15 green deaths
  16 ettins
  6 deep elf death magi
  3 spriggan zombies
  13 merfolk javelineers
  2 crystal guardians (Vaults:4)
  21 iron golems
  8 merfolk impalers
  14 entropy weavers
  Josephine (D:13)
  Snorg (D:10)
  26 mummy priests
  6 shambling mangroves
  13 fire dragons
  A kraken zombie (Hell)
  9 jiangshi
  Fannar (D:12)
  15 yaktaur captains
  7 deep elf high priests
  A quicksilver dragon zombie (Zig:26)
  7 rakshasas
  11 ice dragons
  A quicksilver dragon skeleton (Tomb:1)
  12 salamander tyrants
  3 spectral spriggans
  A fenstrider witch zombie (Tomb:2)
  35 vault guards
  20 hydras
  6 hell beasts
  5 ogre magi
  A spectral shadow dragon (Tar:2)
  7 juggernaut simulacra
  Harold (Lair:2)
  9 alligators
  7 ghost crabs
  14 great orbs of eyes
  A spriggan air mage (Depths:1)
  A catoblepas (Lair:5)
  5 ironbound frosthearts
  4 jorogumos
  7 stokers
  12 caustic shrike simulacra
  9 boulder beetles
  10 anacondas
  8 merfolk aquamancers
  4 merfolk avatars
  4 radroaches
  A sphinx zombie (Zig:9)
  2 spriggan skeletons
  11 satyrs
  12 two-headed ogres
  A peacekeeper (Vaults:4)
  21 centaur warriors
  19 dancing weapons
  21 hell hogs
  4 deep troll shamans
  14 naga warriors
  2 death knights
  13 demonic crawlers
  A two-headed ogre (shapeshifter) (Zig:23)
  4 occultists
  6 death yaks (IceCv)
  A titan zombie (Zig:26)
  5 thrashing horrors (Abyss:4)
  17 naga sharpshooters
  9 vampire magi
  Urug (D:10)
  A spectral dire elephant (Tar:3)
  54 death scarabs
  5 deep troll earth magi
  6 orc high priests
  6 spriggan berserkers
  5 shock serpents
  6 tengu warriors
  Nergalle (Lair:1)
  2 salamander mystics
  8 crystal echidnas
  46 sun demons
  20 hell knights
  34 soul eaters
  Amaemon (Lair:1)
  2 titan skeletons (Zig:26)
  10 deep elf knights
  14 sixfirhies
  2 goliath frogs
  2 skysharks (Lair:5)
  Lodul (D:13)
  A bunyip zombie (Crypt:2)
  7 pharaoh ants
  9 iron trolls
  2 wretched stars (Abyss:4)
  21 shadow wraiths
  2 spectral bunyips (Tar:1)
  A sun moth (Zig:18)
  16 skeletal warriors
  6 cherubim
  23 deep trolls
  2 golden dragon zombies (Zig:26)
  4 death drakes
  11 sea snakes
  A spectral iron dragon (Tar:2)
  A storm dragon skeleton (Zot:2)
  11 quicksilver dragon simulacra
  9 shadow demons
  22 swamp dragons
  9 spriggan druids
  8 flayed ghosts
  4 naga ritualists
  16 deep elf archers
  4 glowing orange brains
  8 lindwurms
  2 tengu zombies (Zig:26)
  3 orange crystal statues
  14 bog bodies
  An anaconda zombie (Hell)
  10 steelbarb worms
  18 orc knights
  3 shadow dragon zombies
  14 large abominations
  9 necromancers
  6 arcanists
  5 orb spiders
  4 spriggan simulacra
  2 starcursed masses (Abyss:4)
  4 harpies
  19 ironbound convokers
  An anaconda skeleton (Pan)
  2 obsidian statues (Zig:13)
  12 phantasmal warriors
  13 deep elf zephyrmancers
  An alligator zombie (Hell)
  A goliath frog zombie (Crypt:3)
  26 ugly things
  11 salamanders
  6 mana vipers
  A salamander (shapeshifter) (Vaults:5)
  A shadow dragon skeleton (Crypt:2)
  36 deep elf pyromancers
  3 orc sorcerers
  7 will-o-the-wisps
  6 manticores
  11 fauns
  8 wolf spiders
  8 shining eyes
  3 oklob plants
  A toenail golem (Depths:1)
  A frost giant zombie (Crypt:3)
  31 moths of wrath
  A spectral centaur (Tar:1)
  12 cyclopes
  14 elephants
  2 moths of wrath (shapeshifter)
  5 apocalypse crabs
  A dire elephant zombie (Tomb:1)
  29 black mambas
  3 eyes of devastation
  An iron dragon skeleton (Zig:26)
  A worldbinder (Abyss:4)
  8 titan simulacra
  8 naga magi
  A guardian serpent (shapeshifter) (Zig:23)
  32 smoke demons
  17 water nymphs
  14 guardian serpents
  An ice statue (IceCv)
  17 vault sentinels
  19 cane toads
  14 orange demons
  2 gargoyles (D:14)
  A catoblepas zombie (Crypt:2)
  12 torpor snails
  17 yaktaurs
  16 hellions
  A dire elephant skeleton (Pan)
  5 anaconda simulacra
  A sea snake zombie (Hell)
  2 tengu conjurers (Depths:1)
  4 spectral harpies
  4 efreet
  12 komodo dragons
  A hydra zombie (Hell)
  12 rime drakes
  An iron giant simulacrum (Coc:5)
  A mana viper zombie (Crypt:3)
  6 red devils (Pan)
  2 ancient zymes (Abyss:4)
  A silent spectre (Zig:27)
  3 bunyip simulacra
  7 freezing wraiths
  13 tormentors
  10 ice devils
  A pale draconian skeleton (Crypt:3)
  A white draconian skeleton (Crypt:2)
  89 guardian mummies
  A yellow draconian skeleton (Zot:2)
  A troll (shapeshifter) (D:15)
  A tengu simulacrum (Tomb:1)
  15 trolls
  11 hellwings
  2 bloated husks
  A hydra skeleton (Hell)
  A hornet (shapeshifter) (Vaults:5)
  A raiju (shapeshifter) (Zig:23)
  10 merfolk
  2 alligator simulacra (Hell)
  21 blink frogs
  17 tyrant leeches
  2 wind drakes (Zig:15)
  9 polar bears
  A raiju (Abyss:4)
  A stone giant simulacrum (Coc:4)
  4 tarantellas
  2 harpy skeletons
  An iron dragon simulacrum (Coc:7)
  33 hornets
  2 ettin zombies
  9 glass eyes
  A mana viper skeleton (Crypt:1)
  A slime creature (shapeshifter) (Zig:19)
  9 snapping turtles
  A draconian simulacrum (Coc:2)
  A culicivora (shapeshifter) (Zig:23)
  A fire dragon zombie (Geh:3)
  12 jumping spiders
  18 spriggans
  13 wraiths
  A culicivora (Zig:14)
  31 flying skulls
  3 centaur simulacra
  75 slime creatures
  20 ynoxinuls
  3 shadows
  A small abomination (Zot:5)
  6 naga simulacra
  2 vampires
  An ice dragon skeleton (Pan)
  8 wyverns
  4 air elementals
  14 water elementals
  43 ushabtiu
  3 fire elementals
  41 yaks
  4 dire elephant simulacra
  A black mamba skeleton (Pan)
  25 neqoxecs
  7 golden eyes
  27 chaos spawn
  9 redbacks
  2 steam dragons
  A human (shapeshifter) (Zig:23)
  9 vampire mosquitoes
  An alligator snapping turtle simulacrum (Coc:2)
  14 basilisks
  A glowing shapeshifter zombie (Zig:26)
  A warg (Zig:10)
  2 acid dragons (D:12)
  5 hell hounds (Lair:5)
  6 swamp worms
  3 naga zombies
  17 harpy simulacra
  20 nagas
  A hydra simulacrum (Coc:5)
  An acid dragon (shapeshifter) (Vaults:5)
  18 water moccasins
  3 naga skeletons
  A water nymph skeleton (Crypt:3)
  9 swamp drakes
  49 orc warriors
  2 black bears
  An elephant zombie (Crypt:1)
  An ice beast (D:6)
  4 ettin simulacra
  20 ogres
  4 boggarts
  26 wolves
  A centaur (shapeshifter) (Vaults:5)
  8 centaurs
  A salamander zombie (Crypt:1)
  A swamp dragon skeleton (Pan)
  A hog skeleton (Crypt:3)
  A phantom (D:6)
  A draconian zombie (Crypt:2)
  6 kobold brigands
  A bullfrog (shapeshifter) (Zig:23)
  13 bullfrogs
  A salamander skeleton (Crypt:2)
  6 earth elementals
  A necrophage (Crypt:1)
  A gnoll sergeant (D:7)
  5 scorpions
  9 wights
  A yak skeleton (Crypt:2)
  A killer bee (shapeshifter) (Zig:23)
  3 killer bees (D:10)
  3 electric eels
  11 howler monkeys
  5 crimson imps (Pan)
  4 hounds
  4 jellies
  34 orc priests
  2 gnoll boudas
  A sleepcap (D:5)
  An iguana (D:5)
  21 orc wizards
  7 hell rats
  88 mummies
  A howler monkey skeleton (Crypt:2)
  14 gnolls
  8 adders
  3 river rats
  15 white imps
  2 ufetubi (D:6)
  A jelly zombie (Crypt:3)
  2 adder skeletons
  A lava snake skeleton (Crypt:2)
  A worm (D:3)
  7 dart slugs
  71 orcs
  7 ball pythons
  6 endoplasms
  2 giant cockroaches
  7 goblins
  5 hobgoblins
  4 jackals (D:4)
  5 quokkas
  8 bats
  A frilled lizard (D:3)
  A jackal skeleton (Crypt:2)
  21 kobolds
  An orc skeleton (Crypt:1)
  A quokka skeleton (Crypt:1)
  10 rats
  4 creeping infernos
  2 fire vortices
  A lurking horror (Abyss:4)
  A spectral weapon (Zig:22)
4258 creatures vanquished.

Vanquished Creatures (collateral kills)
  The ghost of Hytegor the Omniscient, a legendary GnEE of Ashenzari (Zig:24)
  A bone dragon (Zig:27)
  A doom hound (Zig:27)
  A Tzitzimitl (Zig:27)
  A tentacled monstrosity (Zig:22)
  An acid blob (Slime:1)
  A frost giant (Vaults:5)
  An ironbound preserver (Vaults:3)
  A quicksilver ooze (Slime:5)
  A stone giant (Depths:1)
  An entropy weaver (Zig:4)
  A ghost crab (Zig:24)
  A deep troll (Vaults:3)
  A flayed ghost (Vaults:1)
  A fire giant zombie (Zig:9)
  A will-o-the-wisp (Zig:21)
  2 deep elf pyromancers (Elf:3)
  A moth of wrath (Zot:2)
  A fire giant skeleton (Zig:9)
  2 slime creatures
  A large abomination (Pan)
  A water elemental (Elf:3)
  2 fire elementals (Snake:1)
  A golden eye (Slime:5)
  3 harpy simulacra
  A swamp worm (Swamp:1)
  A hell hound (Snake:1)
  An earth elemental (Elf:3)
  2 mummies (Zig:9)
35 creatures vanquished.

Vanquished Creatures (others)
  An eldritch tentacle (Pan)
  A shard shrike simulacrum (Coc:7)
  A very ugly thing (Zig:23)
  A fire dragon (Depths:2)
  A wolf spider simulacrum (D:15)
  A harpy simulacrum (Coc:4)
  A gnoll bouda (D:10)
  600 fire vortices
  2 foxfires (Zig:20)
  145 fulminant prisms
754 creatures vanquished.

Grand Total: 5047 creatures vanquished

Notes
Turn   | Place    | Note
-------+----------+-------------------------------------------
     0 | D:1      | PurpleRed the Meteoran Conjurer began the quest for the
                  | Orb.
     0 | D:1      | Reached XP level 1. HP: 14/14 MP: 5/5
    64 | D:1      | Reached skill level 5 in Conjurations
    78 | D:1      | Reached XP level 2. HP: 20/20 MP: 1/6
    88 | D:1      | Learned a level 2 spell: Searing Ray
   117 | D:1      | Reached skill level 1 in Hexes
   173 | D:1      | Reached XP level 3. HP: 24/26 MP: 1/8
   544 | D:2      | Reached XP level 4. HP: 33/33 MP: 7/9
   661 | D:3      | Learned a level 4 spell: Fulminant Prism
   971 | D:3      | Reached XP level 5. HP: 38/38 MP: 7/11
  1018 | D:3      | Found a hazy altar of Hepliaklqana.
  1295 | D:4      | Reached XP level 6. HP: 45/45 MP: 5/13
  1373 | D:5      | Entered Level 5 of the Dungeon
  1379 | D:5      | Reached XP level 7. HP: 45/50 MP: 6/14
  1384 | D:5      | Learned a level 4 spell: Iskenderun's Mystic Blast
  1389 | D:5      | Noticed a water moccasin
  1394 | D:5      | Killed a water moccasin
  1395 | D:5      | Reached skill level 5 in Spellcasting
  1518 | D:4      | Reached XP level 8. HP: 56/57 MP: 7/17
  1600 | D:6      | Found a runed translucent gate.
  1601 | D:6      | Found a runed translucent gate.
  1601 | D:6      | Found a runed translucent gate.
  1605 | D:6      | Noticed a spectral unseen horror
  1616 | D:6      | Noticed Agrajag's ghost (novice OpSh)
  1657 | D:6      | Learned a level 3 spell: Stone Arrow
  1730 | D:6      | Found a glowing drain.
  1745 | Sewer    | Entered a sewer
  1864 | D:6      | Reached skill level 1 in Translocations
  1958 | D:6      | Reached skill level 10 in Conjurations
  1958 | D:6      | Gained mutation: You passively map the area around you.
                  | [Meteoran growth]
  1958 | D:6      | Reached XP level 9. HP: 59/62 MP: 9/19
  2215 | D:5      | Found a snail-covered altar of Cheibriados.
  2520 | D:7      | Found a staircase to the Ecumenical Temple.
  2536 | Temple   | Entered the Ecumenical Temple
  2566 | Temple   | Became a worshipper of Vehumet
  2702 | D:7      | Reached XP level 10. HP: 39/70 MP: 14/23
  2708 | D:7      | Reached skill level 1 in Fighting
  2708 | D:7      | Reached skill level 1 in Earth Magic
  2722 | D:7      | Found a hide-covered altar of Uskayaw.
  2722 | D:7      | Found a sacrificial altar of Ru.
  2743 | D:7      | Found Koosm's Magic Scroll Boutique.
  2751 | D:7      | Bought a scroll of fear for 48 gold pieces
  2751 | D:7      | Bought a scroll of enchant armour for 90 gold pieces
  2751 | D:7      | Bought a scroll of teleportation for 36 gold pieces
  2943 | D:8      | Noticed a two-headed ogre
  2953 | D:8      | Killed a two-headed ogre
  3001 | D:9      | Noticed a two-headed ogre
  3005 | D:9      | Killed a two-headed ogre
  3039 | D:9      | Reached * piety under Vehumet
  3039 | D:9      | Offered knowledge of Shock by Vehumet.
  3040 | D:9      | Reached XP level 11. HP: 56/79 MP: 5/25
  3242 | D:8      | Reached skill level 10 in Spellcasting
  3411 | D:9      | Found a shadowy altar of Dithmenos.
  3411 | D:9      | Found a glowing golden altar of the Shining One.
  3537 | D:9      | Reached skill level 15 in Conjurations
  3548 | D:9      | Reached skill level 1 in Fire Magic
  3557 | D:9      | Reached ** piety under Vehumet
  3557 | D:9      | Offered knowledge of Scorch by Vehumet.
  3622 | D:10     | Entered Level 10 of the Dungeon
  3634 | D:10     | Noticed Snorg
  3641 | D:10     | Killed Snorg
  3700 | D:10     | Found a shimmering blue altar of Sif Muna.
  3811 | D:9      | Offered knowledge of Volatile Blastmotes by Vehumet.
  3841 | D:9      | Found a staircase to the Orcish Mines.
  4022 | D:10     | Reached XP level 12. HP: 78/85 MP: 22/28
  4048 | D:10     | Found a bloodstained altar of Trog.
  4051 | D:10     | Found a white marble altar of Elyvilon.
  4054 | D:10     | Found a blossoming altar of Fedhas.
  4108 | D:10     | Found a staircase to the Lair.
  4121 | D:10     | Noticed Urug
  4128 | D:10     | Killed Urug
  4165 | D:10     | Found a sparkling altar of Nemelex Xobeh.
  4174 | D:10     | Noticed a two-headed ogre
  4178 | D:10     | Killed a two-headed ogre
  4213 | D:10     | Found a portal to a secret trove of treasure.
  4217 | D:10     | Reached *** piety under Vehumet
  4329 | D:10     | Noticed a two-headed ogre
  4342 | D:10     | Killed a two-headed ogre
  4343 | D:10     | Reached skill level 5 in Fire Magic
  4449 | D:10     | Noticed a deep elf pyromancer
  4456 | D:10     | Killed a deep elf pyromancer
  4588 | D:11     | Found a large runed translucent door.
  4588 | D:11     | Found a large runed translucent door.
  4591 | D:11     | Noticed a deep elf pyromancer
  4591 | D:11     | Noticed an arcanist
  4606 | D:11     | Offered knowledge of Sticky Flame by Vehumet.
  4617 | D:11     | Noticed a two-headed ogre
  4625 | D:11     | Killed a two-headed ogre
  4651 | D:11     | Noticed a two-headed ogre
  4660 | D:11     | Killed a two-headed ogre
  4754 | D:11     | Found a large runed translucent door.
  4755 | D:11     | Found a large runed translucent door.
  4825 | D:12     | Noticed Jorgrun
  4840 | D:11     | Reached XP level 13. HP: 96/96 MP: 30/30
  4905 | Lair:1   | Entered Level 1 of the Lair of Beasts
  4917 | Lair:1   | Noticed Amaemon
  4928 | Lair:1   | Reached **** piety under Vehumet
  4931 | Lair:1   | Reached skill level 5 in Dodging
  4935 | Lair:1   | Reached skill level 5 in Fighting
  4984 | Lair:1   | Offered knowledge of Fireball by Vehumet.
  4996 | Lair:1   | Killed Amaemon
  5018 | Lair:1   | Learned a level 5 spell: Fireball
  5037 | Lair:1   | Reached skill level 10 in Fire Magic
  5056 | Lair:1   | Noticed Nergalle
  5190 | Lair:2   | Noticed a seven-headed hydra
  5198 | Lair:2   | Killed a seven-headed hydra
  5357 | Lair:1   | Killed Nergalle
  5357 | Lair:1   | Reached ***** piety under Vehumet
  5358 | Lair:1   | Reached XP level 14. HP: 93/107 MP: 15/32
  5378 | Lair:2   | Noticed Harold
  5382 | Lair:2   | Killed Harold
  5463 | Lair:2   | Found a staircase to the Snake Pit.
  5481 | Lair:2   | Offered knowledge of Eringya's Noxious Bog by Vehumet.
  5574 | Lair:3   | Learned a level 8 spell: Ignition
  5783 | Lair:4   | Reached skill level 15 in Fire Magic
  5999 | Lair:2   | Found a staircase to the Swamp.
  6130 | Lair:4   | Found a runed translucent door.
  6143 | Lair:4   | Noticed Disoufrejy's ghost (journeyman MiFi)
  6152 | Lair:4   | Learned a level 4 spell: Passage of Golubria
  6215 | Lair:4   | Killed Disoufrejy's ghost
  6259 | Lair:5   | Entered Level 5 of the Lair of Beasts
  6316 | Lair:3   | Offered knowledge of Bombard by Vehumet.
  6381 | Lair:5   | Reached XP level 15. HP: 113/113 MP: 31/34
  6749 | Lair:5   | Reached skill level 1 in Armour
  6848 | Lair:5   | Found a burning altar of Makhleb.
  6864 | Lair:5   | Found a gateway to Hell.
  7062 | Lair:5   | Found a large runed translucent door.
  7067 | Lair:5   | Found a large runed translucent door.
  7070 | Lair:5   | Noticed Moddiph's ghost (journeyman MiBe)
  7183 | D:12     | Noticed Gastronok
  7189 | D:12     | Killed Gastronok
  7288 | D:12     | Killed Jorgrun
  7291 | D:12     | Noticed Fannar
  7294 | D:12     | Killed Fannar
  7491 | D:13     | Reached XP level 16. HP: 124/124 MP: 30/35
  7532 | D:14     | Found Faymohis's Book Boutique.
  7592 | D:13     | Found Kixzuh's Assorted Antiques.
  7604 | D:13     | Noticed Lodul
  7607 | D:13     | Killed Lodul
  7618 | D:13     | Noticed Josephine
  7622 | D:13     | Killed Josephine
  7644 | D:13     | Got the Guidebook on Violent Pyromania
  7649 | D:13     | Bought a gnarled jewelled staff for 360 gold pieces
  7686 | D:13     | Found a frozen archway.
  7696 | D:13     | Offered knowledge of Arcjolt by Vehumet.
  7716 | IceCv    | Entered an ice cave
  7725 | IceCv    | Reached skill level 15 in Spellcasting
  7812 | IceCv    | Noticed a frost giant
  7817 | IceCv    | Killed a frost giant
  7994 | IceCv    | Reached XP level 17. HP: 128/134 MP: 27/38
  7997 | IceCv    | Gained mutation: You passively map a large area around you.
                  | [Meteoran growth]
  7997 | IceCv    | Reached XP level 18. HP: 137/143 MP: 28/39
  8368 | D:13     | Found a gate to the Vaults.
  8743 | D:15     | Entered Level 15 of the Dungeon
  8789 | D:14     | Found a shadowy altar of Dithmenos.
  8912 | D:15     | Offered knowledge of Plasma Beam by Vehumet.
  8941 | D:15     | Reached XP level 19. HP: 99/149 MP: 34/41
  9109 | D:15     | Found a staircase to the Depths.
  9156 | D:15     | Found a glowing golden altar of the Shining One.
  9156 | D:15     | Found a white marble altar of Elyvilon.
  9157 | D:15     | Found a glowing silver altar of Zin.
  9413 | D:9      | Learned a level 8 spell: Lehudib's Crystal Spear
  9414 | Orc:1    | Entered Level 1 of the Orcish Mines
  9464 | Orc:1    | Reached ****** piety under Vehumet
  9469 | Orc:1    | Offered knowledge of Lee's Rapid Deconstruction by Vehumet.
  9496 | Orc:1    | Found Jofeuhor's Specific Store.
  9498 | Orc:1    | Found Pokkut's General Store.
  9508 | Orc:1    | Bought a potion of haste for 160 gold pieces
  9564 | Orc:2    | Entered Level 2 of the Orcish Mines
  9666 | Orc:2    | Found Gif Uzi's Distillery.
  9670 | Orc:2    | Bought a potion of heal wounds for 65 gold pieces
  9670 | Orc:2    | Bought a potion of mutation for 104 gold pieces
  9670 | Orc:2    | Bought a potion of brilliance for 52 gold pieces
  9739 | Orc:2    | Reached skill level 5 in Earth Magic
  9761 | Orc:2    | Found Purrovoy's Weapon Emporium.
  9761 | Orc:2    | Found Tuniazuum's Jewellery Emporium.
  9762 | Orc:2    | Found Suaf's Magic Scroll Shoppe.
  9762 | Orc:2    | Found Radda's Antique Weapon Emporium.
  9778 | Orc:2    | Bought an amulet of regeneration for 390 gold pieces
  9786 | Orc:2    | Bought a scroll of enchant armour for 105 gold pieces
  9786 | Orc:2    | Bought a scroll of teleportation for 42 gold pieces
  9786 | Orc:2    | Bought a scroll of fog for 56 gold pieces
  9786 | Orc:2    | Bought a scroll of amnesia for 56 gold pieces
  9790 | Orc:2    | Bought the ring of the Growing Gods {Will+ Str+3 SInv} for
                  | 440 gold pieces
 10024 | Orc:2    | Found a staircase to the Elven Halls.
 10031 | Elf:1    | Entered Level 1 of the Elven Halls
 10036 | Elf:1    | Found Peorgh's Antique Armour Shop.
 10067 | Elf:1    | Bought a pair of embroidered boots for 225 gold pieces
 10074 | Elf:1    | Bought a twisted buckler for 285 gold pieces
 10074 | Elf:1    | Identified the +2 buckler of Nir Afew {+Blink} (You bought
                  | it in a shop on level 1 of the Elven Halls)
 10128 | Elf:1    | Found Pougalyi's Magic Scroll Shop.
 10139 | Elf:1    | Bought a scroll of teleportation for 42 gold pieces
 10254 | Elf:3    | Entered Level 3 of the Elven Halls
 10260 | Elf:3    | Offered knowledge of Spellforged Servitor by Vehumet.
 10272 | Elf:3    | Learned a level 7 spell: Spellforged Servitor
 10296 | Elf:3    | Reached skill level 1 in Evocations
 10531 | Elf:3    | Paralysed by an air elemental for 1 turns
 10574 | Elf:3    | Noticed a deep elf blademaster
 10581 | Elf:3    | Killed a deep elf blademaster
 10586 | Elf:3    | Noticed a deep elf master archer
 10587 | Elf:3    | Killed a deep elf master archer
 10588 | Elf:3    | Reached XP level 20. HP: 159/159 MP: 27/43
 10799 | Elf:3    | Found the +8 autumn katana {manifold assault}
 10813 | Elf:3    | Identified the +2 leather armour "Zorikiatz" {+Blink rC-
                  | Will+ Int+8}
 10818 | Elf:3    | Got the Elucidation of the Rocky Serac
 10835 | Elf:3    | Identified the +3 falchion of Glamorous Purpose {flame,
                  | Contam rPois rF+ Will++}
 10849 | Elf:3    | Identified the +0 ring mail "Dequs" {Fly}
 10876 | Elf:3    | Identified the +1 robe of Imos {+Blink rCorr Int-2
                  | Archmagi}
 10887 | Elf:3    | Got Liutuck's Quarto of the Venomous Squall
 10936 | Elf:3    | Identified the +8 quarterstaff "Orb Guardian's Regret"
                  | {heavy, Drain Fly rF++ rC+}
 11073 | Elf:3    | Got the Catalogue of the Glacier
 11228 | Elf:3    | Identified the ring "Urarimp" {rPois rN+ Will+ Str-2 Dex+6}
 11274 | Elf:3    | Found Vufuc's Jewellery Shop.
 11379 | Elf:1    | Bought a scroll of amnesia for 56 gold pieces
 11418 | Elf:1    | Reached skill level 10 in Fighting
 11485 | Elf:1    | Bought a masterwork cloak for 285 gold pieces
 11485 | Elf:1    | Identified the +1 cloak "Ohyhemp" {Harm rN+ Dex+4 SInv}
                  | (You bought it in a shop on level 1 of the Elven Halls)
 11487 | Elf:1    | Bought an encrusted robe for 171 gold pieces
 11487 | Elf:1    | Identified the +0 robe of Patience {rElec rPois} (You
                  | bought it in a shop on level 1 of the Elven Halls)
 11677 | Snake:1  | Entered Level 1 of the Snake Pit
 11733 | Snake:1  | Noticed Azrael
 11740 | Snake:1  | Killed Azrael
 11830 | Snake:2  | Identified the +7 falchion of Sloth {spect, *Rage rC+
                  | Will+}
 11843 | Snake:3  | Noticed Mara
 11852 | Snake:3  | Killed Mara
 12148 | Snake:4  | Entered Level 4 of the Snake Pit
 12224 | Snake:4  | Offered knowledge of Eringya's Noxious Bog by Vehumet.
 12275 | Snake:3  | Reached skill level 10 in Earth Magic
 12275 | Snake:3  | Reached XP level 21. HP: 164/168 MP: 17/45
 12875 | Snake:4  | Reached skill level 10 in Dodging
 12877 | Snake:4  | Noticed Vashnia
 12887 | Snake:4  | Killed Vashnia
 12938 | Snake:4  | Got a serpentine rune of Zot
 13154 | Snake:2  | Identified a scroll of acquirement
 13156 | Snake:2  | Acquired the +5 buckler of Ignis, Riding {rPois Dex+4}
 13315 | Swamp:1  | Entered Level 1 of the Swamp
 13466 | Swamp:3  | Offered knowledge of Fire Storm by Vehumet.
 13466 | Swamp:3  | Offered knowledge of Chain Lightning by Vehumet.
 13497 | Swamp:3  | Learned a level 9 spell: Fire Storm
 13535 | Swamp:4  | Entered Level 4 of the Swamp
 13578 | Swamp:4  | Reached XP level 22. HP: 160/174 MP: 39/47
 13642 | Swamp:4  | Noticed the 27-headed Lernaean hydra
 13644 | Swamp:4  | Killed the 27-headed Lernaean hydra
 13662 | Swamp:4  | Noticed Mlioglotl
 13666 | Swamp:4  | Killed Mlioglotl
 13689 | Swamp:4  | Got a decaying rune of Zot
 13948 | Lair:4   | Found a viscous altar of Jiyva.
 13948 | Lair:4   | Found a staircase to the Slime Pits.
 13964 | Slime:1  | Entered Level 1 of the Pits of Slime
 14070 | Slime:5  | Entered Level 5 of the Pits of Slime
 14103 | Slime:5  | Noticed the Royal Jelly
 14106 | Slime:5  | Killed the Royal Jelly
 14215 | Slime:5  | Identified the +6 chain mail of Iryankan {rF+ rC+ MP+9}
 14251 | Slime:5  | Identified the ring of Scepticism {rF++ Will- Dex+6 SInv}
 14301 | Slime:5  | Got a slimy rune of Zot
 14340 | Slime:5  | Identified the +4 halberd of Gloom {heavy, rElec rN+ Int+5}
 14357 | Slime:5  | Learned a level 2 spell: Sublimation of Blood
 14399 | Slime:3  | Reached XP level 23. HP: 181/181 MP: 50/50
 14410 | Slime:3  | Reached skill level 1 in Necromancy
 14678 | Lair:5   | Killed Moddiph's ghost
 14806 | Vaults:1 | Entered Level 1 of the Vaults
 14836 | Vaults:1 | Found a runed translucent gate.
 14838 | Vaults:1 | Found a runed translucent gate.
 14839 | Vaults:1 | Found a runed translucent gate.
 14841 | Vaults:1 | Noticed Yngio's ghost (adept DjFE)
 14850 | Vaults:1 | Killed Yngio's ghost
 14945 | Vaults:2 | Found a staircase to the Crypt.
 15102 | Vaults:3 | Reached skill level 5 in Necromancy
 15319 | Vaults:3 | Found Omuni's Distillery.
 15340 | Vaults:3 | Reached XP level 24. HP: 193/193 MP: 50/50
 15348 | Vaults:3 | Bought a potion of cancellation for 160 gold pieces
 15348 | Vaults:3 | Bought a potion of heal wounds for 100 gold pieces
 15348 | Vaults:3 | Bought 2 potions of cancellation for 320 gold pieces
 15348 | Vaults:3 | Bought 2 potions of haste for 400 gold pieces
 15801 | Vaults:5 | Entered Level 5 of the Vaults
 15829 | Vaults:5 | Reached skill level 15 in Earth Magic
 15835 | Vaults:5 | Noticed a golden dragon
 15839 | Vaults:5 | Killed a golden dragon
 15851 | Vaults:5 | Reached XP level 25. HP: 200/202 MP: 50/50
 15899 | Vaults:5 | Noticed a golden dragon
 15903 | Vaults:5 | Killed a golden dragon
 15907 | Vaults:5 | Noticed a golden dragon
 15911 | Vaults:5 | Killed a golden dragon
 15919 | Vaults:5 | Identified the +4 rapier of Discretion {holy, rElec rCorr
                  | Str+3}
 15964 | Vaults:5 | Learned a level 9 spell: Shatter
 16152 | Vaults:5 | Identified the amulet of Vimyxkoq {Reflect Str+2 Dex+3 SH+5
                  | Stlth+}
 16159 | Vaults:5 | Identified the staff "Fore" {rC+ Dex+2 Ice}
 16235 | Vaults:5 | Got a silver rune of Zot
 16587 | D:13     | Upgraded the game from 0.31-a0-1072-g202bf7e to
                  | 0.31-a0-1074-g0b22e4e
 16665 | Depths:1 | Entered Level 1 of the Depths
 16800 | Depths:1 | Learned a level 2 spell: Blink
 16825 | Depths:2 | Reached XP level 26. HP: 212/212 MP: 50/50
 16836 | Depths:2 | Noticed a caustic shrike
 16843 | Depths:2 | Killed a caustic shrike
 16916 | Depths:2 | Found a one-way gate leading to the halls of Pandemonium.
 16939 | Depths:2 | You are sucked into a shaft and drop 1 floor!
 16957 | Depths:3 | Found a one-way gate to the infinite horrors of the Abyss.
 16964 | Depths:3 | Noticed Louise
 16967 | Depths:3 | Killed Louise
 16969 | Depths:3 | Noticed Margery
 16972 | Depths:3 | Killed Margery
 17058 | Depths:3 | Reached skill level 15 in Dodging
 17067 | Depths:3 | Found a stormy altar of Qazlal.
 17118 | Depths:4 | Entered Level 4 of the Depths
 17119 | Depths:4 | Found a one-way gateway to a ziggurat.
 17139 | Depths:4 | Noticed a juggernaut
 17143 | Depths:4 | Killed a juggernaut
 17189 | Zig:1    | Entered Level 1 of a ziggurat
 17194 | Zig:1    | Reached XP level 27. HP: 223/223 MP: 45/51
 17231 | Zig:2    | Entered Level 2 of a ziggurat
 17252 | Zig:3    | Entered Level 3 of a ziggurat
 17273 | Zig:4    | Entered Level 4 of a ziggurat
 17277 | Zig:4    | Reached skill level 1 in Shapeshifting
 17288 | Zig:4    | Got Nuudoch's Elucidation of the Dislocated Panacea
 17294 | Zig:5    | Entered Level 5 of a ziggurat
 17298 | Zig:5    | Noticed a Killer Klown
 17300 | Zig:5    | Killed a Killer Klown
 17310 | Zig:5    | Identified the amulet "Ryasch" {Acrobat rN+ Regen+ Dex+3}
 17336 | Zig:6    | Entered Level 6 of a ziggurat
 17341 | Zig:6    | Noticed Atua the pandemonium lord
 17344 | Zig:6    | Killed Atua the pandemonium lord
 17358 | Zig:6    | Got the Almanac of Sinister Misfortune
 17375 | Zig:7    | Entered Level 7 of a ziggurat
 17397 | Zig:7    | Got the Discourse on Reformation and Guile
 17407 | Zig:7    | Got the Folio of Arenous Formation
 17413 | Zig:8    | Entered Level 8 of a ziggurat
 17443 | Zig:8    | Identified the +1 leather armour of Hit Ukot {*Corrode
                  | +Blink rPois Str+6}
 17448 | Zig:9    | Entered Level 9 of a ziggurat
 17453 | Zig:9    | Noticed a royal mummy
 17455 | Zig:9    | Killed a royal mummy
 17457 | Zig:9    | Noticed a royal mummy
 17459 | Zig:9    | Killed a royal mummy
 17485 | Zig:10   | Entered Level 10 of a ziggurat
 17496 | Zig:10   | Found the +7 sceptre of Torment {pain, torment}
 17537 | Zig:10   | Identified the ring "Kann" {+Blink AC+4}
 17542 | Zig:11   | Entered Level 11 of a ziggurat
 17585 | Zig:12   | Entered Level 12 of a ziggurat
 17596 | Zig:12   | Noticed an ancient lich
 17597 | Zig:12   | Killed an ancient lich
 17598 | Zig:12   | Killed a dread lich
 17624 | Zig:12   | Got the Spellbook of Congelation
 17674 | Zig:13   | Entered Level 13 of a ziggurat
 17689 | Zig:13   | Reached skill level 10 in Shapeshifting
 17730 | Zig:13   | Identified the +0 scale mail "Ryxzer" {rF+ Int+3}
 17731 | Zig:13   | Identified the ring "Etzyfreer" {rC- Str+6 Int+9 Dex+3}
 17745 | Zig:13   | Identified the staff "Kyfoita" {rC+ rN+ Str+3 Dex-3 Ice}
 17746 | Zig:13   | Identified the +4 flail of the Supporting Augurer {venom,
                  | Dex+4}
 17754 | Zig:14   | Entered Level 14 of a ziggurat
 17781 | Zig:14   | Found the +3 Elemental Staff {ele, rElec rF+ rC+ AC+3}
 17782 | Zig:14   | Found the +6 Majin-Bo {spellvamp, MP+6 Int+6}
 17797 | Zig:14   | Got the Quarto of the Lethal Singularity
 17808 | Zig:14   | Identified the +0 robe of Bausch {Harm Regen+ Int+4}
 17846 | Zig:15   | Entered Level 15 of a ziggurat
 17872 | Zig:15   | Found the necklace of Bloodlust {Fury *Rage Will++ Int-3
                  | Slay+6}
 17886 | Zig:15   | Identified the +8 short sword of Res Judicata {flame,
                  | rPois}
 17893 | Zig:15   | Identified the ring of Lugonu, Chewing {MP+9 AC+4 Str+3}
 17901 | Zig:15   | Identified the +8 chain mail of Fortification {Str+3 Int+3
                  | Dex+4}
 17906 | Zig:15   | Identified the +10 shadow dragon scales of the Moon {-Tele
                  | Harm rElec rC+ Int+3 Stlth++++}
 17921 | Zig:16   | Entered Level 16 of a ziggurat
 17952 | Zig:16   | Identified the +0 pair of gloves of Courage {Rampage +Inv
                  | rF+}
 17960 | Zig:16   | Identified the +10 war axe of Earthquakes {venom, Will+}
 17964 | Zig:16   | Identified the ring of the Shining Light {Ice *Corrode
                  | Str+8 Dex-2 Stlth+}
 17966 | Zig:16   | Reached skill level 15 in Shapeshifting
 17976 | Zig:17   | Entered Level 17 of a ziggurat
 18033 | Zig:17   | Identified the ring "Wiecisor" {EV+5 Int+5}
 18044 | Zig:17   | Identified the +6 mace "Killer Bee's Foe" {vamp, Fragile
                  | Int+7}
 18058 | Zig:17   | Identified the ring of Riraggoa {rF+ Int+3 Slay+3}
 18065 | Zig:18   | Entered Level 18 of a ziggurat
 18099 | Zig:18   | Found the +8 storm bow {elec, penet}
 18112 | Zig:18   | Got the Meditations on Distorted Chilblains
 18115 | Zig:18   | Identified the +2 spear of the Final Youths {drain, rC+
                  | Int+6 Stlth+}
 18116 | Zig:18   | Identified the +1 pair of gloves of Proximity {Will+ Dex+2}
 18150 | Zig:19   | Entered Level 19 of a ziggurat
 18187 | Zig:19   | Found the +8 pair of quick blades "Gyre" and "Gimble"
                  | {protect}
 18227 | Zig:19   | Got Moruf's Cyclopedia of Chilblains and Shadows
 18244 | Zig:20   | Entered Level 20 of a ziggurat
 18261 | Zig:20   | Reached skill level 1 in Long Blades
 18280 | Zig:20   | Reached skill level 5 in Long Blades
 18305 | Zig:20   | Identified the amulet of Sunlight {Faith rC- rCorr Slay+5}
 18307 | Zig:20   | Identified the +9 mace of Puahiusm {drain, Str+7}
 18319 | Zig:20   | Identified the +0 ring mail of Darkness {Contam Will++
                  | Int+3}
 18327 | Zig:21   | Entered Level 21 of a ziggurat
 18365 | Zig:21   | Found the +9 sword of Power {lifebolt}
 18370 | Zig:21   | Identified the ring "Uhont" {rC- rN++ AC+4}
 18377 | Zig:21   | Identified the ring "Quacuim" {rCorr AC+4 SInv}
 18383 | Zig:21   | Got Rion's Volume of Chthonic Coordinates
 18390 | Zig:21   | Identified the ring of the Kappa {rN+ Dex+6 Slay+2}
 18394 | Zig:21   | Identified the staff "Xuerpham" {rC+ Will+ Dex+2 Ice}
 18402 | Zig:21   | Identified the +1 dagger "Lonk" {freeze, Int+5}
 18403 | Zig:21   | Identified the +8 demon blade of the Tooth {flame, rC+
                  | Will+++ Str-5}
 18417 | Zig:22   | Entered Level 22 of a ziggurat
 18444 | Zig:22   | Reached skill level 10 in Long Blades
 18481 | Zig:22   | Found the +7 great mace "Firestarter" {flame, immolate,
                  | rFlCloud rF++}
 18489 | Zig:22   | Identified the +0 chain mail of Insatiable Hunger {rElec
                  | rF+++ Int+2 Dex-4}
 18501 | Zig:22   | Got Ekuampos's Parchment of Sinister Spelunking
 18503 | Zig:22   | Identified the +5 leather armour "Galyum" {*Corrode Int+6}
 18504 | Zig:22   | Identified the +6 whip of Mayhem {venom, Contam Fly rC+
                  | rCorr}
 18513 | Zig:22   | Identified the +7 orcbow of Discretion {flame, Str+3}
 18523 | Zig:22   | Reached skill level 15 in Fighting
 18528 | Zig:23   | Entered Level 23 of a ziggurat
 18547 | Zig:23   | Noticed Kycykhol the pandemonium lord
 18552 | Zig:23   | Noticed Cisot the pandemonium lord
 18553 | Zig:23   | Noticed Geqypn the pandemonium lord
 18554 | Zig:23   | Killed Kycykhol the pandemonium lord
 18555 | Zig:23   | Reached skill level 1 in Air Magic
 18555 | Zig:23   | Killed Geqypn the pandemonium lord
 18555 | Zig:23   | Killed Cisot the pandemonium lord
 18555 | Zig:23   | Noticed a Killer Klown
 18555 | Zig:23   | Noticed Tiapri Vyer the pandemonium lord
 18555 | Zig:23   | Noticed Niasikh the pandemonium lord
 18556 | Zig:23   | Noticed a Killer Klown
 18556 | Zig:23   | Noticed a Killer Klown
 18557 | Zig:23   | Killed a Killer Klown
 18557 | Zig:23   | Killed Niasikh the pandemonium lord
 18557 | Zig:23   | Killed Tiapri Vyer the pandemonium lord
 18558 | Zig:23   | Noticed Dedes the pandemonium lord
 18558 | Zig:23   | Killed a Killer Klown
 18561 | Zig:23   | Noticed Firchyluo the pandemonium lord
 18561 | Zig:23   | Noticed Tutheim the pandemonium lord
 18562 | Zig:23   | Killed a Killer Klown
 18562 | Zig:23   | Killed Dedes the pandemonium lord
 18563 | Zig:23   | Reached skill level 5 in Air Magic
 18563 | Zig:23   | Noticed Kiciu the pandemonium lord
 18565 | Zig:23   | Noticed Daaxat the pandemonium lord
 18566 | Zig:23   | Killed Firchyluo the pandemonium lord
 18566 | Zig:23   | Killed Liwkoifa the pandemonium lord
 18568 | Zig:23   | Noticed Riuko the pandemonium lord
 18570 | Zig:23   | Killed Daaxat the pandemonium lord
 18572 | Zig:23   | Killed Riuko the pandemonium lord
 18576 | Zig:23   | Noticed Ranifokh the pandemonium lord
 18578 | Zig:23   | Noticed Jeovigue the pandemonium lord
 18578 | Zig:23   | Noticed Onteyxko the pandemonium lord
 18579 | Zig:23   | Killed Tutheim the pandemonium lord
 18580 | Zig:23   | Killed Onteyxko the pandemonium lord
 18580 | Zig:23   | Noticed Jaomath the pandemonium lord
 18583 | Zig:23   | Killed Kiciu the pandemonium lord
 18583 | Zig:23   | Noticed a Killer Klown
 18584 | Zig:23   | Killed a Killer Klown
 18584 | Zig:23   | Noticed Call the pandemonium lord
 18593 | Zig:23   | Killed Ranifokh the pandemonium lord
 18601 | Zig:23   | Killed Jaomath the pandemonium lord
 18601 | Zig:23   | Killed Jeovigue the pandemonium lord
 18617 | Zig:23   | Killed Call the pandemonium lord
 18703 | Zig:23   | Identified the amulet "Ycext" {Spirit Will- Str+6 Int-5}
 18712 | Zig:23   | Identified the ring "Peqosheoxa" {rPois AC+4}
 18727 | Zig:24   | Entered Level 24 of a ziggurat
 18756 | Zig:24   | Noticed Hytegor's ghost (legendary GnEE)
 18757 | Zig:24   | Killed Hytegor's ghost
 18759 | Zig:24   | Noticed Kinoajidouf's ghost (master HOBe)
 18760 | Zig:24   | Noticed Jinaptea's ghost (legendary DDFi)
 18765 | Zig:24   | Noticed Wiesk's ghost (legendary DDFi)
 18765 | Zig:24   | Noticed Waphaim's ghost (veteran DsDe)
 18766 | Zig:24   | Noticed Anyleklu's ghost (legendary HOFi)
 18770 | Zig:24   | Killed Jinaptea's ghost
 18771 | Zig:24   | Killed Kinoajidouf's ghost
 18781 | Zig:24   | Noticed Boycipp's ghost (legendary DsFi)
 18781 | Zig:24   | Noticed Tibbeudu's ghost (legendary DjCj)
 18782 | Zig:24   | Noticed Fiusean's ghost (veteran MiBe)
 18783 | Zig:24   | Noticed Obydaxko's ghost (legendary DECj)
 18786 | Zig:24   | Noticed Woumy's ghost (legendary GnFi)
 18792 | Zig:24   | Found the +3 giant club "Skullcrusher" {speed, Str+7}
 18794 | Zig:24   | Found the +8 lance "Wyrmbane" {slay drac, rPois rF+ rC+
                  | AC+3}
 18804 | Zig:24   | Identified the +12 whip "Luve" {protect, Fly Dex+5}
 18807 | Zig:24   | Identified the amulet of Meodd {RegenMP Int+6 Stlth+}
 18812 | Zig:24   | Identified the amulet of Scepticism {Faith rPois rF+ rN+
                  | Int-2}
 18813 | Zig:24   | Identified the +0 leather armour of Fyosello {Fly Int+3
                  | Dex+3}
 18818 | Zig:25   | Entered Level 25 of a ziggurat
 18843 | Zig:25   | Reached skill level 10 in Air Magic
 18869 | Zig:25   | Found the +10 morningstar "Eos" {elec, Halo rElec}
 18906 | Zig:25   | Identified the +11 morningstar "Joca" {vamp, +Blink rPois
                  | rF- Int+4}
 18913 | Zig:25   | Got Ucwyipli's Treatise on Summoned Angles
 18932 | Zig:25   | Learned a level 9 spell: Chain Lightning
 18939 | Zig:26   | Entered Level 26 of a ziggurat
 18960 | Zig:26   | Noticed a royal mummy
 18963 | Zig:26   | Killed a royal mummy
 18969 | Zig:26   | Noticed a royal mummy
 18971 | Zig:26   | Killed a royal mummy
 18971 | Zig:26   | Noticed a royal mummy
 18971 | Zig:26   | Noticed a royal mummy
 18972 | Zig:26   | Noticed a royal mummy
 18973 | Zig:26   | Noticed a royal mummy
 18973 | Zig:26   | Noticed a royal mummy
 18974 | Zig:26   | Killed a royal mummy
 18974 | Zig:26   | Killed a royal mummy
 18975 | Zig:26   | Killed a royal mummy
 18975 | Zig:26   | Killed a royal mummy
 18975 | Zig:26   | Noticed a royal mummy
 18975 | Zig:26   | Noticed a royal mummy
 18976 | Zig:26   | Noticed a royal mummy
 18976 | Zig:26   | Noticed a royal mummy
 18977 | Zig:26   | Noticed a royal mummy
 18978 | Zig:26   | Killed a royal mummy
 18978 | Zig:26   | Killed a royal mummy
 18978 | Zig:26   | Noticed a royal mummy
 18979 | Zig:26   | Killed a royal mummy
 18979 | Zig:26   | Killed a royal mummy
 18979 | Zig:26   | Killed a royal mummy
 18979 | Zig:26   | Killed a royal mummy
 18979 | Zig:26   | Noticed a royal mummy
 18979 | Zig:26   | Noticed a royal mummy
 18981 | Zig:26   | Killed a royal mummy
 18981 | Zig:26   | Noticed a royal mummy
 18982 | Zig:26   | Killed a royal mummy
 18982 | Zig:26   | Killed a royal mummy
 18983 | Zig:26   | Noticed a royal mummy
 18983 | Zig:26   | Noticed a royal mummy
 18984 | Zig:26   | Killed a royal mummy
 18985 | Zig:26   | Killed a royal mummy
 18987 | Zig:26   | Killed a royal mummy
 19001 | Zig:26   | Found the +5 scythe "Finisher" {speed, execute}
 19022 | Zig:26   | Identified the +7 sling of Hard Scrabble {flame, Fly Str-3
                  | Int+8 Stlth+}
 19031 | Zig:26   | Identified the +0 scale mail "Jacoekk" {Stlth+}
 19041 | Zig:26   | Reached skill level 15 in Air Magic
 19046 | Zig:27   | Entered Level 27 of a ziggurat
 19081 | Zig:27   | Reached skill level 27 in Spellcasting
 19213 | Zig:27   | Found the +5 glaive of the Guard {elec, spectral}
 19256 | Zig:27   | Got the Secrets of Metamorphic Wildfire
 19259 | Zig:27   | Identified the amulet of Zin's Fury {Spirit rPois}
 19261 | Zig:27   | Identified the staff of Perversion {Contam rElec rPois
                  | Int-3 Dex+9 Air}
 19283 | Zig:27   | Identified the +2 leather armour of the Enchanted Forest
                  | {Stlth+}
 19294 | Zig:27   | Identified the +0 leather armour of Ignis's Displeasure
                  | {-Cast rF+++ Dex-4 Stlth+}
 19297 | Zig:27   | Identified the +2 war axe of Prudence {freeze, Int+4}
 19301 | Zig:27   | Identified the +6 dagger of Piaps {drain, Str+3}
 19387 | Depths:4 | Found a gate to the Realm of Zot.
 19423 | Depths:4 | Found a candlelit altar of Ignis.
 19478 | Depths:4 | Noticed a juggernaut
 19481 | Depths:4 | Killed a juggernaut
 19643 | Depths:1 | Reached skill level 5 in Armour
 19838 | Crypt:1  | Entered Level 1 of the Crypt
 20011 | Crypt:2  | Found a magical portal.
 20020 | WizLab   | Entered Eringya's Formal Garden
 20080 | WizLab   | Found a blossoming altar of Fedhas.
 20424 | Crypt:3  | Entered Level 3 of the Crypt
 20452 | Crypt:3  | Reached skill level 10 in Armour
 20460 | Crypt:3  | Noticed a royal mummy
 20464 | Crypt:3  | Killed a royal mummy
 20481 | Crypt:3  | Identified the staff "Maddaess" {rN+ rCorr Str+2 Dex-2
                  | Necro}
 20506 | Crypt:3  | Identified the +0 battleaxe of Singing Pain and Death
                  | {heavy, rF+ Str-3 Dex+5}
 20559 | Crypt:3  | Found the +9 sword of Zonguldrok {reap}
 20568 | Crypt:3  | Noticed Bai Suzhen
 20572 | Crypt:3  | Killed Bai Suzhen
 20576 | Crypt:3  | Identified the +1 whip "Vocwul" {flame, +Blink rF+ rC-
                  | rN++}
 20646 | Crypt:3  | Found a staircase to the Tomb.
 20659 | Tomb:1   | Entered Level 1 of the Tomb of the Ancients
 20670 | Tomb:1   | Noticed a royal mummy
 20673 | Tomb:1   | Killed a royal mummy
 20675 | Tomb:1   | Noticed a royal mummy
 20675 | Tomb:1   | Noticed a royal mummy
 20676 | Tomb:1   | Noticed a royal mummy
 20677 | Tomb:1   | Noticed a royal mummy
 20678 | Tomb:1   | Killed a royal mummy
 20678 | Tomb:1   | Noticed a royal mummy
 20679 | Tomb:1   | Killed a royal mummy
 20679 | Tomb:1   | Killed a royal mummy
 20679 | Tomb:1   | Killed a royal mummy
 20679 | Tomb:1   | Noticed a royal mummy
 20680 | Tomb:1   | Killed a royal mummy
 20681 | Tomb:1   | Killed a royal mummy
 20691 | Tomb:1   | Noticed a royal mummy
 20696 | Tomb:1   | Killed a royal mummy
 20697 | Tomb:1   | Noticed a royal mummy
 20699 | Tomb:1   | Killed a royal mummy
 20701 | Tomb:1   | Noticed a royal mummy
 20704 | Tomb:1   | Killed a royal mummy
 20761 | Tomb:1   | Noticed a royal mummy
 20763 | Tomb:1   | Killed a royal mummy
 20789 | Tomb:2   | Noticed a royal mummy
 20789 | Tomb:2   | Noticed a royal mummy
 20789 | Tomb:2   | Noticed a royal mummy
 20789 | Tomb:2   | Noticed a royal mummy
 20792 | Tomb:2   | Killed a royal mummy
 20792 | Tomb:2   | Killed a royal mummy
 20792 | Tomb:2   | Killed a royal mummy
 20792 | Tomb:2   | Killed a royal mummy
 20799 | Tomb:2   | Identified the +0 robe of Elitism {Int+3}
 21026 | Tomb:3   | Entered Level 3 of the Tomb of the Ancients
 21047 | Tomb:3   | Noticed a royal mummy
 21047 | Tomb:3   | Noticed a royal mummy
 21050 | Tomb:3   | Killed a royal mummy
 21050 | Tomb:3   | Killed a royal mummy
 21065 | Tomb:3   | Noticed a royal mummy
 21065 | Tomb:3   | Noticed a royal mummy
 21065 | Tomb:3   | Noticed a royal mummy
 21067 | Tomb:3   | Killed a royal mummy
 21067 | Tomb:3   | Noticed a royal mummy
 21068 | Tomb:3   | Killed a royal mummy
 21068 | Tomb:3   | Killed a royal mummy
 21069 | Tomb:3   | Killed a royal mummy
 21069 | Tomb:3   | Noticed a royal mummy
 21073 | Tomb:3   | Noticed a royal mummy
 21074 | Tomb:3   | Killed a royal mummy
 21074 | Tomb:3   | Noticed a royal mummy
 21078 | Tomb:3   | Killed a royal mummy
 21080 | Tomb:3   | Killed a royal mummy
 21118 | Tomb:3   | Got a golden rune of Zot
 21178 | Tomb:3   | Identified the +8 flail of Moral Flaws {freeze, Will+++
                  | Str-5 Int+8 Dex-4}
 21184 | Tomb:3   | Identified the +1 chain mail of the Red Skies {Str+3}
 21192 | Tomb:3   | Identified the amulet "Ejyddipn" {Acrobat Rampage rC- rN+}
 21223 | Tomb:3   | Identified the +5 plate armour of Imperfection {Stlth+}
 21229 | Tomb:3   | Identified the ring of Ifan {rCorr Dex+4}
 21346 | Tomb:1   | Noticed a royal mummy
 21347 | Tomb:1   | Noticed a royal mummy
 21351 | Tomb:1   | Killed a royal mummy
 21352 | Tomb:1   | Killed a royal mummy
 21527 | Vaults:1 | Found Akkibips's Distillery.
 21536 | Vaults:1 | Bought a potion of cancellation for 144 gold pieces
 21536 | Vaults:1 | Bought a potion of haste for 180 gold pieces
 21536 | Vaults:1 | Bought a potion of heal wounds for 90 gold pieces
 21536 | Vaults:1 | Bought 2 potions of might for 144 gold pieces
 21711 | Pan      | Entered Pandemonium
 21726 | Pan      | Noticed Boeppawoe the pandemonium lord
 21728 | Pan      | Killed Boeppawoe the pandemonium lord
 21915 | Pan      | Noticed Tuiduepyn the pandemonium lord
 21919 | Pan      | Killed Tuiduepyn the pandemonium lord
 21946 | Pan      | Noticed Very the pandemonium lord
 21951 | Pan      | Killed Very the pandemonium lord
 22035 | Pan      | Noticed Wyocral the pandemonium lord
 22041 | Pan      | Killed Wyocral the pandemonium lord
 22119 | Pan      | Found a runed translucent door.
 22123 | Pan      | Reached skill level 5 in Evocations
 22130 | Pan      | Got a demonic rune of Zot
 22152 | Pan      | Noticed Ezig the pandemonium lord
 22154 | Pan      | Reached skill level 27 in Fighting
 22154 | Pan      | Killed Ezig the pandemonium lord
 22212 | Pan      | Noticed Sipealaf the pandemonium lord
 22216 | Pan      | Killed Sipealaf the pandemonium lord
 22252 | Pan      | Entered the realm of Gloorx Vloq.
 22273 | Pan      | Identified the +8 chain mail "Ralod" {rPois rC- Will+
                  | Stlth+}
 22314 | Pan      | Noticed Gloorx Vloq
 22318 | Pan      | Killed Gloorx Vloq
 22333 | Pan      | Got a dark rune of Zot
 22643 | Pan      | Reached skill level 1 in Ice Magic
 22651 | Pan      | Noticed Ujegham the pandemonium lord
 22654 | Pan      | Noticed Ignacio
 22656 | Pan      | Killed Ujegham the pandemonium lord
 22657 | Pan      | Killed Ignacio
 22781 | Pan      | Noticed Zyppothre the pandemonium lord
 22784 | Pan      | Reached skill level 10 in Evocations
 22785 | Pan      | Killed Zyppothre the pandemonium lord
 22811 | Pan      | Noticed Pokhliemm the pandemonium lord
 22814 | Pan      | Killed Pokhliemm the pandemonium lord
 22841 | Pan      | Reached skill level 15 in Armour
 22863 | Pan      | Entered the realm of Lom Lobon.
 22910 | Pan      | Reached skill level 5 in Ice Magic
 22993 | Pan      | Noticed Lom Lobon
 22999 | Pan      | Killed Lom Lobon
 23034 | Pan      | Got a magical rune of Zot
 23096 | Pan      | Entered the realm of Mnoleg.
 23241 | Pan      | Noticed Mnoleg
 23245 | Pan      | Killed Mnoleg
 23297 | Pan      | Got a glowing rune of Zot
 23387 | Depths:2 | Escaped Pandemonium
 23389 | Pan      | Entered Pandemonium
 23390 | Pan      | Noticed Teixi the pandemonium lord
 23394 | Pan      | Killed Teixi the pandemonium lord
 23425 | Pan      | Entered the realm of Cerebov.
 23488 | Pan      | Identified the +5 tower shield "Uraefurph" {Str-3 Dex+4
                  | SInv Stlth+}
 23490 | Pan      | Identified the +2 scimitar "Waxoz" {protect, rCorr Int+3}
 23498 | Pan      | Found the +6 sword of Cerebov {flame}
 23498 | Pan      | Noticed Cerebov
 23507 | Pan      | Killed Cerebov
 23508 | Pan      | Reached skill level 10 in Ice Magic
 23533 | Pan      | Identified the +7 shortbow of the Fray {antimagic, *Corrode
                  | rElec rN+++ Dex-2}
 23535 | Pan      | Identified the +6 quarterstaff of the Distant Future
                  | {antimagic, rElec Int+3 Dex-2}
 23576 | Pan      | Identified the +6 dagger "Siraoh" {protect, rN+ SInv}
 23590 | Pan      | Identified the +2 leather armour "Ulifios" {rElec Regen+
                  | Slay+2}
 23686 | Pan      | Got a fiery rune of Zot
 23710 | Depths:2 | Escaped Pandemonium
 23740 | Depths:3 | Voluntarily entered the Abyss.
 23778 | Abyss:3  | Found a corrupted altar of Lugonu.
 23853 | Abyss:4  | Got an abyssal rune of Zot
 23877 | Abyss:4  | Found a corrupted altar of Lugonu.
 23920 | Depths:3 | Escaped the Abyss
 23933 | Depths:3 | Learned a level 9 spell: Polar Vortex
 23935 | Depths:3 | Learned a level 1 spell: Apportation
 23952 | Hell     | Entered the Vestibule of Hell
 23952 | Hell     | Noticed Geryon
 23956 | Hell     | Killed Geryon
 23972 | Hell     | Noticed Murray
 23973 | Hell     | Killed Murray
 23978 | Hell     | Reached skill level 15 in Ice Magic
 24019 | Hell     | Found a gateway to the decaying netherworld of Tartarus.
 24028 | Tar:1    | Entered Level 1 of Tartarus
 24200 | Tar:3    | You are sucked into a shaft and drop 3 floors!
 24296 | Tar:7    | Entered Level 7 of Tartarus
 24330 | Tar:7    | Noticed an ancient lich
 24334 | Tar:7    | Killed an ancient lich
 24336 | Tar:7    | Noticed a dread lich
 24340 | Tar:7    | Killed a dread lich
 24369 | Tar:7    | Noticed the Serpent of Hell
 24377 | Tar:7    | Killed the Serpent of Hell
 24465 | Tar:7    | Got a bone rune of Zot
 24553 | Hell     | Found a gateway to the freezing wastes of Cocytus.
 24566 | Coc:1    | Entered Level 1 of Cocytus
 24599 | Coc:2    | Noticed a shard shrike
 24601 | Coc:2    | Killed a shard shrike
 24608 | Coc:2    | Noticed a shard shrike
 24610 | Coc:2    | Killed a shard shrike
 24654 | Coc:5    | Paralysed by a wendigo for 1 turns
 24659 | Coc:5    | Reached skill level 5 in Stealth
 24688 | Coc:6    | Noticed a shard shrike
 24690 | Coc:6    | Killed a shard shrike
 24713 | Coc:6    | Noticed a shard shrike
 24713 | Coc:6    | Noticed a shard shrike
 24715 | Coc:6    | Killed a shard shrike
 24715 | Coc:6    | Killed a shard shrike
 24778 | Coc:7    | Entered Level 7 of Cocytus
 24798 | Coc:7    | Noticed a shard shrike
 24799 | Coc:7    | Noticed a shard shrike
 24799 | Coc:7    | Noticed a shard shrike
 24799 | Coc:7    | Noticed a shard shrike
 24800 | Coc:7    | Killed a shard shrike
 24803 | Coc:7    | Killed a shard shrike
 24803 | Coc:7    | Killed a shard shrike
 24810 | Coc:7    | Noticed a shard shrike
 24811 | Coc:7    | Killed a shard shrike
 24817 | Coc:7    | Killed a shard shrike
 24831 | Coc:7    | Noticed a shard shrike
 24838 | Coc:7    | Killed a shard shrike
 24862 | Coc:7    | Noticed a shard shrike
 24863 | Coc:7    | Killed a shard shrike
 24864 | Coc:7    | Reached skill level 10 in Stealth
 24877 | Coc:7    | Noticed a shard shrike
 24877 | Coc:7    | Noticed a shard shrike
 24877 | Coc:7    | Noticed a shard shrike
 24878 | Coc:7    | Killed a shard shrike
 24887 | Coc:7    | Killed a shard shrike
 24898 | Coc:7    | Killed a shard shrike
 24909 | Coc:7    | Noticed Antaeus
 24916 | Coc:7    | Killed Antaeus
 24968 | Coc:7    | Got an icy rune of Zot
 25016 | Coc:7    | Noticed a shard shrike
 25018 | Coc:7    | Killed a shard shrike
 25022 | Coc:7    | Noticed a shard shrike
 25025 | Coc:7    | Killed a shard shrike
 25129 | Hell     | Found a gateway to the Iron City of Dis.
 25135 | Dis:1    | Entered Level 1 of the Iron City of Dis
 25136 | Dis:1    | Noticed a caustic shrike
 25138 | Dis:1    | Noticed a caustic shrike
 25138 | Dis:1    | Noticed a caustic shrike
 25139 | Dis:1    | Killed a caustic shrike
 25139 | Dis:1    | Killed a caustic shrike
 25139 | Dis:1    | Noticed a caustic shrike
 25141 | Dis:1    | Killed a caustic shrike
 25141 | Dis:1    | Killed a caustic shrike
 25186 | Dis:3    | Noticed a juggernaut
 25189 | Dis:3    | Killed a juggernaut
 25312 | Dis:7    | Entered Level 7 of the Iron City of Dis
 25322 | Dis:7    | Noticed a caustic shrike
 25325 | Dis:7    | Killed a caustic shrike
 25330 | Dis:7    | Noticed a caustic shrike
 25332 | Dis:7    | Killed a caustic shrike
 25409 | Dis:7    | Noticed a caustic shrike
 25411 | Dis:7    | Killed a caustic shrike
 25418 | Dis:7    | Noticed a juggernaut
 25424 | Dis:7    | Noticed a caustic shrike
 25425 | Dis:7    | Killed a juggernaut
 25429 | Dis:7    | Killed a caustic shrike
 25442 | Dis:7    | Noticed a caustic shrike
 25444 | Dis:7    | Noticed a juggernaut
 25445 | Dis:7    | Killed a caustic shrike
 25448 | Dis:7    | Killed a juggernaut
 25460 | Dis:7    | Noticed a caustic shrike
 25464 | Dis:7    | Killed a caustic shrike
 25465 | Dis:7    | Reached skill level 15 in Stealth
 25488 | Dis:7    | Noticed Dispater
 25538 | Dis:7    | Killed Dispater
 25545 | Dis:7    | Identified the ring of Qeunioll {Ice Contam rElec Str+5
                  | Int+3 Slay+3}
 25548 | Dis:7    | Identified the +2 leather armour of Past Mistakes {*Corrode
                  | rElec rN+ Dex+4}
 25548 | Dis:7    | Found the +3 greatsling "Punk" {acid, rCorr}
 25550 | Dis:7    | Got an iron rune of Zot
 25554 | Dis:7    | Got the Handbook of Baleful Nightshade
 25664 | Hell     | Found a gateway to the ashen valley of Gehenna.
 25671 | Geh:1    | Entered Level 1 of Gehenna
 25759 | Geh:3    | Noticed a dread lich
 25761 | Geh:3    | Killed a dread lich
 25852 | Geh:7    | Entered Level 7 of Gehenna
 25856 | Geh:7    | Found the +13 sceptre of Asmodeus
 25856 | Geh:7    | Noticed Asmodeus
 25862 | Geh:7    | Killed Asmodeus
 25945 | Geh:7    | Got an obsidian rune of Zot
 25948 | Geh:7    | Identified the ring of the Final Tusks {*Corrode Will+
                  | Str+6 Slay+5}
 25966 | Geh:7    | Found the +9 staff of Olgreb {rPois∞}
 26152 | Zot:1    | Entered Level 1 of the Realm of Zot
 26263 | Zot:2    | Noticed an ancient lich
 26265 | Zot:2    | Noticed Plog's ghost (legendary FoHu)
 26267 | Zot:2    | Killed an ancient lich
 26271 | Zot:2    | Killed Plog's ghost
 26286 | Zot:2    | Found a runed translucent gate.
 26286 | Zot:2    | Found a runed translucent gate.
 26286 | Zot:2    | Found a runed translucent gate.
 26295 | Zot:2    | Identified the +7 long sword "Ogreslayer" {drain, rC+
                  | Dex+2}
 26329 | Zot:3    | Found a transporter.
 26330 | Zot:3    | Found a transporter.
 26332 | Zot:3    | Noticed an orb of fire
 26337 | Zot:3    | Killed an orb of fire
 26351 | Zot:4    | Noticed a curse toe
 26355 | Zot:4    | Killed a curse toe
 26374 | Zot:4    | Noticed an orb of fire
 26377 | Zot:4    | Killed an orb of fire
 26482 | Zot:5    | Entered Level 5 of the Realm of Zot
 26486 | Zot:5    | Noticed a Killer Klown
 26494 | Zot:5    | Killed a Killer Klown
 26759 | Zot:5    | Noticed a Killer Klown
 26760 | Zot:5    | Noticed an orb of fire
 26770 | Zot:5    | Killed an orb of fire
 26776 | Zot:5    | Noticed a Killer Klown
 26776 | Zot:5    | Killed a Killer Klown
 26777 | Zot:5    | Killed a Killer Klown
 26804 | Zot:5    | Noticed an ancient lich
 26807 | Zot:5    | Killed an ancient lich
 26823 | Zot:5    | Noticed a curse toe
 26825 | Zot:5    | Noticed a dread lich
 26827 | Zot:5    | Killed a dread lich
 26828 | Zot:5    | Killed a curse toe
 26832 | Zot:5    | Noticed an ancient lich
 26835 | Zot:5    | Killed an ancient lich
 26859 | Zot:5    | Noticed an ancient lich
 26861 | Zot:5    | Killed an ancient lich
 26874 | Zot:5    | Noticed an orb of fire
 26877 | Zot:5    | Killed an orb of fire
 26877 | Zot:5    | Noticed an ancient lich
 26878 | Zot:5    | Noticed a Killer Klown
 26880 | Zot:5    | Killed an ancient lich
 26880 | Zot:5    | Killed a Killer Klown
 26887 | Zot:5    | Noticed a Killer Klown
 26893 | Zot:5    | Killed a Killer Klown
 26893 | Zot:5    | Noticed a dread lich
 26895 | Zot:5    | Killed a dread lich
 26900 | Zot:5    | Noticed a dread lich
 26904 | Zot:5    | Killed a dread lich
 26904 | Zot:5    | Noticed a Killer Klown
 26907 | Zot:5    | Killed a Killer Klown
 26918 | Zot:5    | Noticed an ancient lich
 26920 | Zot:5    | Killed an ancient lich
 27034 | Zot:5    | Got the Orb of Zot
 27068 | Zot:5    | Noticed Nibloon the pandemonium lord
 27072 | Zot:5    | Killed Nibloon the pandemonium lord
 27191 | Zot:1    | Noticed Tatad the pandemonium lord
 27197 | Zot:1    | Killed Tatad the pandemonium lord
 27224 | Depths:4 | Noticed a seraph
 27226 | Depths:4 | Killed a seraph
 27634 | D:$      | Escaped with the Orb!

Illustrated notes

Levels and vault maps discovered:
D:1:      minmay_arrival_four_loops, layout_loops_ring, serial_shops,
          nicolae_shop_window_shopping, st_stairs_3
D:2:      layout_loops_ring
D:3:      layout_basic, nzn_hepliaklqana_mist_gate
D:4:      layout_basic, dreamdust_gnoll_farm
D:5:      layout_cave_pools, mainiacjoe_overflow_brackets,
          minmay_misc_feat_more_columns, minmay_chambers_of_fives
D:6:      layout_rooms, cheibrodos_sewer_entry_sluice,
          gammafunk_ghost_necromancy, uniq_jeremiah
D:7:      layout_basic, nicolae_overflow_two_pavilions,
          minmay_temple_entry_waves, serial_shops, shop
D:8:      layout_gridville, minmay_misc_feat_plants
D:9:      layout_roguey, jmf_multi_god_temple, david_orc_4,
          hangedman_decor_growths, dk_vineyard_3, minmay_fractal_squares_5
D:10:     minmay_polygon_palace, layout_rooms,
          nemelex_xobeh_ov_fountains_minmay, grunt_temple_overflow_diamond,
          amcnicky_altar_gilded, david_lair_generic, enter_trove_2, uniq_urug,
          uniq_snorg
D:11:     layout_basic, minmay_misc_feat_pillars, minmay_hollow_rounded_squares
D:12:     layout_basic, uniq_gastronok, uniq_jorgrun, uniq_fannar
D:13:     layout_loops_cross, erik_vaults_1, serial_shops, shop,
          portal_ice_cave_entry_imps, uniq_lodul, uniq_josephine
D:14:     layout_stronghold, grunt_dithmenos_shadows, serial_shops,
          nicolae_shop_window_shopping
D:15:     grunt_enter_depths_hoard, layout_rooms, good_gods_temple_1
Temple:   bh_familiar_temple
Lair:1:   layout_misc_corridors, pond, grunt_megastairs_2, serial_bayou_shore_a,
          serial_bayou_shore_b, uniq_amaemon, uniq_nergalle
Lair:2:   layout_long_grid, swamp_mist_pool, minmay_snake_entry_six_corridors,
          grunt_megastairs_3, uniq_harold
Lair:3:   layout_roguey, serial_bayou_crossing
Lair:4:   layout_regular_city, dpeg_slime_entry_enclosed,
          hellmonk_ghost_happy_afterlife, nicolae_lair_run_with_the_wolves,
          lemuel_fruit_tree
Lair:5:   evil_forest, layout_loops_ring, ebering_ghost_disaster_area,
          chequers_serial_rivers_room_b, kennysheep_basilisk_garden,
          infiniplex_staircase_pool
Swamp:1:  layout_basic_swamp, nicolae_swamp_tree_isthmus, swamp_pool_1_2
Swamp:2:  layout_basic_swamp, nicolae_swamp_tree_designs,
          infiniplex_staircase_pool_2
Swamp:3:  layout_basic_swamp, evilmike_swamp_ruin_rubble_1
Swamp:4:  swamp, layout_basic_swamp, uniq_mlioglotl
Snake:1:  layout_chambers, serial_bayou_shore_b, uniq_azrael
Snake:2:  layout_onion, drop_trap, nicolae_snake_round_shape_thing
Snake:3:  minmay_snake_river, layout_layer_cave, uniq_mara
Snake:4:  grunt_snake_rune_serpentine_throne, layout_layer_cave,
          nicolae_snake_springs
Slime:1:  cheibrodos_slime_lost_civilization_9, layout_caves, special_room
          [special_room_jelly]
Slime:2:  layout_caves
Slime:3:  layout_caves
Slime:4:  cheibrodos_slime_lost_civilization_8, layout_caves
Slime:5:  slime_pit_nicolae_trefoil
Orc:1:    layout_caves, basic_altar, mainiacjoe_minedec_watcher_in_the_water,
          nicolae_specific_store, nicolae_orc_lost_temple
Orc:2:    st_orc_pillars, layout_diamond_mine, serial_shops,
          nicolae_shop_back_alley_shop, mines_bat_river
Elf:1:    layout_gridlike, serial_shops, nicolae_shop_tiny_statue_garden, shop,
          shop, minivault_28
Elf:2:    nicolae_elf_blades_splatter_lattice [nicolae_blade_entry_pointy_end],
          layout_gridlike, kb_rosetta
Elf:3:    elf_hall, layout_geoelf_castle, serial_shops, shop_fountains
Vaults:1: gammafunk_ghost_spectres, vaults_dpeg_cross, ontoclasm_vaults_idyll,
          nicolae_vaults_storage_room_glass, vaults_dpeg_diagonal,
          nicolae_vaults_shelves_hall, layout_vaults_omnigrid, serial_shops,
          shop, uniq_saint_roka
Vaults:2: vaults_mumra_chevron, v_rooms_3, nicolae_vaults_twisting_passages,
          nicolae_vaults_trapezoid_3, ontoclasm_vaults_loading_screen,
          vaults_dpeg_ring, ontoclasm_vaults_bender, ontoclasm_vaults_spin,
          nicolae_vaults_network_star, vaults_dpeg_hooks,
          minmay_crypt_entry_simple_round, st_spiral_rooms,
          nicolae_vaults_surprise_closet, v_misc_31, nicolae_vaults_apartment_1,
          vaults_dpeg_encased_lava, layout_vaults_omnicross
Vaults:3: grunt_vaults_bifocal, nicolae_vaults_border_crossing,
          nicolae_vaults_sealed_display, v_misc_30,
          nicolae_vaults_security_offices_1, v_pattern_3,
          nicolae_vaults_sightless_eye, hangedman_vaults_capsules,
          ontoclasm_vaults_shuriken, nicolae_vaults_double_plus_1,
          nicolae_vaults_tetromino_L_1, layout_vaults_chaotic_city,
          serial_shops, shop
Vaults:4: vaults_standard_mumra_x, ontoclasm_vaults_twist,
          nicolae_vaults_offset_grid_hallway_1, nicolae_vaults_double_plus_1,
          nicolae_vaults_mini_display_case, grunt_vaults_funnel,
          hangedman_vaults_stretched_pinwheel, ontoclasm_vaults_eye,
          nicolae_vaults_house_2, nicolae_vaults_shipping_containers_7,
          grunt_vaults_twisty, hangedman_vaults_nails, vaults_room_grid,
          layout_vaults_omnibox
Vaults:5: serial_shops
Crypt:1:  layout_regular_city, tekkud_shop_of_orbs
Crypt:2:  layout_chaotic_city, mu_enter_wizlab_3
Crypt:3:  due_elkab, layout_chaotic_city, uniq_bai_suzhen
Tomb:1
Tomb:2
Tomb:3
Depths:1: layout_gridville, hell_entry, st_stairs_1,
          chequers_serial_rivers_large_b, kennysheep_generic_room_6,
          grunt_megastairs_5, serial_bayou_shore_b
Depths:2: evilmike_cross, layout_cave_pools, grunt_pan_entry_sceptre,
          serial_rivers, chequers_serial_rivers_micro_c,
          chequers_serial_rivers_micro_e, chequers_serial_rivers_micro_c,
          chequers_serial_rivers_small_3, chequers_serial_rivers_large_a,
          hell_entry, grunt_decor_fettered, lemuel_statue_altar
Depths:3: regret_index_qazlal_generations, layout_cave_shapes, hell_entry,
          serial_sigils_hangedman_scar, nicolae_abyss_entry_one_way_or_another,
          fedhas_altar_1, serial_bayou_shore_b, serial_bayou_shore_b,
          uniq_margery
Depths:4: regret_index_infernal_bastille, layout_honeycomb, enter_ziggurat_f,
          hell_entry, hex_tiny
Hell
Dis:1:    layout_regular_city
Dis:2:    layout_gridville, nicolae_dis_grated_feature
Dis:3:    layout_subdivisions, nicolae_dis_step_into_the_octagon
Dis:4:    layout_subdivisions, nicolae_dis_metal_dragon_surprise
Dis:5:    layout_jigsaw
Dis:6:    layout_gridville
Dis:7:    dis_grunt_layers
Geh:1:    nicolae_geh_erupted_tower, layout_gehenna_lava_caves,
          gehenna_fire_generator
Geh:2:    layout_gehenna_lava_caves
Geh:3:    layout_gehenna_pools_box, special_room [special_room_morgue],
          hangedman_elemental_grid_stream
Geh:4:    layout_gehenna_pools_triple
Geh:5:    layout_gehenna_pools_basic
Geh:6:    layout_gehenna_pools_box, nicolae_hells_seeping_fissure
Geh:7:    geh_old
Coc:1:    layout_ice_bergs
Coc:2:    layout_cocytus_delve
Coc:3:    layout_ice_bergs
Coc:4:    layout_ice_bergs
Coc:5:    layout_cocytus_delve, serial_ice, serial_ice_n, serial_ice_a
Coc:6:    layout_ice_bergs
Coc:7:    coc_dpeg
Tar:1:    layout_honeycomb
Tar:2:    layout_cathedral_of_symmetry
Tar:3:    layout_honeycomb, nicolae_hells_hurtin_island
Tar:6:    layout_grid_maze, nicolae_tar_cuneiform_oil,
          nicolae_tar_cuneiform_water
Tar:7:    tar_grunt_cathedral
Zot:1:    regret_index_zot_pan_timeshare, layout_basic
Zot:2:    hangedman_snap_crack_crunch, layout_cathedral_of_symmetry,
          gammafunk_ghost_split, hangedman_hellfire_club, uniq_josephina
Zot:3:    layout_gridlike, regret_index_zotdec_glowing_original, drop_trap,
          serial_nicolae_subway, nicolae_sub_station_stone,
          nicolae_sub_station_crystal, nicolae_sub_station_metal
Zot:4:    lemuel_halls_of_wrath, layout_gridville, grunt_megastairs_1
Zot:5:    layout_misc_corridors

Skill      XL: |  1  2  3  4  5  6  7  8  9 10 11 12 13 14 15 16 17 18 19 20 21 22 23 24 25 26 27 |
---------------+----------------------------------------------------------------------------------+-----
Conjurations   | 5 6 7 8 10 12 14 16 17 18 19 20 21 22 23 24 | 24.0
Hexes          | 1 2 3 4 |  4.0
Spellcasting   | 3 4 5 6 8 9 11 12 13 14 16 17 18 19 20 22 23 27 | 27.0
Translocations | 2 3 |  3.0
Fighting       | 2 4 5 6 7 8 9 10 11 12 13 27 | 27.0
Earth Magic    | 3 7 10 11 16 19 21 22 | 22.0
Fire Magic     | 4 7 12 16 18 19 20 22 | 22.0
Dodging        | 4 5 6 7 8 10 11 12 13 15 26 | 26.0
Armour         | 4 20 | 20.0
Evocations     | 3 10 | 10.0
Necromancy     | 6 8 |  8.0
Shapeshifting  | 23 | 23.0
Long Blades    | 14 | 14.0
Air Magic      | 22 | 22.0
Ice Magic      | 22 | 22.0
Stealth        | 25 | 25.2

Action                     |  1- 3 |  4- 6 |  7- 9 | 10-12 | 13-15 | 16-18 | 19-21 | 22-24 | 25-27 || total
---------------------------+-------+-------+-------+-------+-------+-------+-------+-------+-------++-------
  Melee: Short sword       |    10 |    25 |    29 |       |       |       |       |       |       ||    64
         Dagger            |       |       |    19 |       |       |       |       |       |       ||    19
         Scimitar          |       |       |       |    35 |    37 |    10 |     4 |       |       ||    86
         Punch             |       |       |       |       |     1 |     1 |       |       |       ||     2
         Staff             |       |       |       |       |       |    16 |     3 |       |    17 ||    36
         Katana            |       |       |       |       |       |       |    11 |       |    14 ||    25
  Throw: Dart              |       |       |     3 |       |    13 |       |       |       |       ||    16
   Cast: Magic Dart        |    36 |    34 |    27 |     6 |     6 |       |       |       |       ||   109
         Searing Ray       |     2 |    14 |    27 |     4 |       |       |       |       |       ||    47
         Fulminant Prism   |       |       |    19 |    63 |    51 |     2 |    10 |       |       ||   145
         Stone Arrow       |       |       |    18 |    55 |   102 |    16 |     4 |       |       ||   195
         Iskenderun's Myst |       |       |     2 |    21 |    61 |    12 |    51 |    32 |    32 ||   211
         Fireball          |       |       |       |       |   125 |    43 |   153 |    42 |    39 ||   402
         Passage of Golubr |       |       |       |       |     4 |       |       |       |       ||     4
         Ignition          |       |       |       |       |       |    30 |    84 |    41 |     4 ||   159
         Spellforged Servi |       |       |       |       |       |       |     2 |       |       ||     2
         Lehudib's Crystal |       |       |       |       |       |       |    45 |     4 |    32 ||    81
         Fire Storm        |       |       |       |       |       |       |       |   112 |   345 ||   457
         Sublimation of Bl |       |       |       |       |       |       |       |     1 |    16 ||    17
         Shatter           |       |       |       |       |       |       |       |       |   923 ||   923
         Chain Lightning   |       |       |       |       |       |       |       |       |   257 ||   257
         Polar Vortex      |       |       |       |       |       |       |       |       |     4 ||     4
         Blink             |       |       |       |       |       |       |       |       |     1 ||     1
         Apportation       |       |       |       |       |       |       |       |       |     1 ||     1
Ability: Begin Untransform |       |       |       |       |       |       |       |       |     8 ||     8
  Evoke: Wand              |       |       |       |       |     1 |       |     5 |     2 |     1 ||     9
         Lightning rod     |       |       |       |       |       |       |     1 |       |       ||     1
         Sack of spiders   |       |       |       |       |       |       |     1 |       |       ||     1
    Use: Scroll            |       |     7 |    13 |     6 |     7 |     3 |     5 |       |    25 ||    66
         Potion            |       |       |     1 |       |     3 |     2 |       |     2 |    24 ||    32
   Stab: Sleeping          |       |     1 |       |       |       |       |       |       |       ||     1
         Distracted        |       |     1 |       |       |       |       |       |       |       ||     1
         Invisible         |       |       |       |       |       |       |     1 |       |       ||     1
 Armour: Robe              |     9 |    18 |    45 |    53 |       |    27 |       |       |       ||   152
         Troll leather arm |       |       |       |     6 |   139 |    38 |    91 |    13 |   260 ||   547
         Ring mail         |       |       |       |     5 |       |       |       |       |       ||     5
         Skin              |       |       |       |       |    25 |       |       |       |     7 ||    32
         Acid dragon scale |       |       |       |       |       |       |       |    15 |       ||    15
         Leather armour    |       |       |       |       |       |       |       |       |   278 ||   278
  Dodge: Dodged            |    11 |    31 |    47 |    42 |   116 |    47 |    79 |    18 |   505 ||   896
  Block: Buckler           |       |       |       |       |       |       |    36 |    16 |    43 ||    95
   Form: Death             |       |       |       |       |       |       |       |       |     9 ||     9
         Statue            |       |       |       |       |       |       |       |       |     1 ||     1

Table legend: (Time is in decaauts)
 A = Elapsed time spent in this place.
 B = Non-inter-level travel time spent in this place.
 C = Inter-level travel time spent in this place.
 D = Time resting spent in this place.
 E = Time spent auto-exploring this place.
 F = Levels seen in this place.
 G = Mean time per level.
                   A        B        C        D        E       F      G
               +--------+--------+--------+--------+--------+-----+--------+
         Total |  27869 |  26058 |   1811 |    399 |    628 | 142 |  196.3 |
       Dungeon |   7437 |   6601 |    836 |     13 |      0 |  15 |  495.8 |
        Temple |     52 |     52 |      0 |      0 |      0 |   1 |   52.0 |
          Lair |   2630 |   2317 |    313 |      0 |      0 |   5 |  526.0 |
         Swamp |    530 |    469 |     61 |      0 |      0 |   4 |  132.5 |
     Snake Pit |   1584 |   1568 |     16 |    116 |      0 |   4 |  396.0 |
    Slime Pits |    645 |    645 |      0 |      8 |      0 |   5 |  129.0 |
  Orcish Mines |    668 |    623 |     45 |      0 |      0 |   2 |  334.0 |
   Elven Halls |   1467 |   1448 |     19 |     72 |      0 |   3 |  489.0 |
        Vaults |   1880 |   1844 |     36 |      0 |      9 |   5 |  376.0 |
         Crypt |    531 |    477 |     54 |      0 |      4 |   3 |  177.0 |
          Tomb |    858 |    858 |      0 |      0 |     81 |   3 |  286.0 |
        Depths |   1252 |    859 |    393 |      0 |      6 |   4 |  313.0 |
          Hell |    226 |    212 |     14 |      0 |      0 |   1 |  226.0 |
           Dis |    477 |    477 |      0 |      0 |      0 |   7 |   68.1 |
       Gehenna |    381 |    381 |      0 |     13 |      0 |   7 |   54.4 |
       Cocytus |    542 |    542 |      0 |      0 |     18 |   7 |   77.4 |
      Tartarus |    473 |    473 |      0 |      0 |      0 |   5 |   94.6 |
           Zot |   1052 |   1031 |     21 |     83 |      0 |   5 |  210.4 |
         Abyss |    179 |    179 |      0 |      0 |      0 |   4 |   44.8 |
   Pandemonium |   1969 |   1969 |      0 |      3 |    269 |  22 |   89.5 |
      Ziggurat |   2170 |   2170 |      0 |     91 |      0 |  27 |   80.4 |
         Sewer |     81 |     81 |      0 |      0 |      0 |   1 |   81.0 |
      Ice Cave |    405 |    405 |      0 |      0 |      0 |   1 |  405.0 |
        Wizlab |    369 |    369 |      0 |      0 |    241 |   1 |  369.0 |
               +--------+--------+--------+--------+--------+-----+--------+

Top non-repeatable levels by time:
   Elf:3: 1003 daAuts
    D:10: 777 daAuts
     D:9: 762 daAuts
    D:13: 757 daAuts
  Lair:5: 736 daAuts
 Snake:4: 706 daAuts
   Zot:5: 599 daAuts
Vaults:3: 565 daAuts
    D:15: 563 daAuts
  Lair:3: 561 daAuts
     D:8: 557 daAuts
  Lair:2: 543 daAuts
    D:14: 542 daAuts
Vaults:5: 516 daAuts
     D:6: 500 daAuts
